Workbook

Sheet 0417作业
A3: 名称 | B3: 上证指数 | C3: 002271东方雨虹 | D3: 按上证指数 信号交易 | E3: 600031三一重工 | F3: 按上证指数 信号交易
A4: 起止时间 | B4: 2001-1-4至 2020-4-17 | C4: 2008-9-10至 2020-4-17 | E4: 2003-7-3至 2020-4-17
A5: 总赢利率 | B5: 3.5864 | C5: 0.3732 | D5: ='002271东方雨虹1000W'!G221 -> 0.1503 | E5: 1.1818 | F5: ='600031三一重工1000W'!G303 -> 1.1766
A6: 年赢利率 | B6: 0.1858 | C6: 0.0321 | D6: =D5/12 -> 0.012525 | E6: 0.0703 | F6: =F5/17 -> 0.069211765
A7: 胜率 | B7: 0.2824 | C7: 0.3273 | D7: ='002271东方雨虹1000W'!G218 -> 0.4913 | E7: 0.2817 | F7: ='600031三一重工1000W'!G300 -> 0.4343
A8: 盈亏比 | B8: 8.92 | C8: 4.26 | D8: ='002271东方雨虹1000W'!G219 -> 1.62 | E8: 6.81 | F8: ='600031三一重工1000W'!G301 -> 2.9
A9: 赢利金额 | B9: 35863560 | C9: 3732304 | D9: ='002271东方雨虹1000W'!K216+'002271东方雨虹1000W'!L216 -> 1502373 | E9: 11818612 | F9: ='600031三一重工1000W'!K298+'600031三一重工1000W'!L298 -> 11765143
A10: 交易次数 | B10: 85 | C10: 55 | D10: ='002271东方雨虹1000W'!G220 -> 57 | E10: 71 | F10: 76

Sheet 600031三一重工1000W
A1: 序号 | B1: 时间 | C1: 价格 | D1: ATR | F1: 股数 | H1: 成交金额 | I1: 市值 | J1: 帐户权益 | K1: 盈亏金额 | M1: 交易次数
F2: 买 | G2: 卖 | K2: 盈 | L2: 亏 | M2: 盈 | N2: 亏
A3: 0 | J3: 10000000
A4: 1 | B4: 37956 | C4: 23.05 | D4: 0.66 | E4: 买 | F4: =ROUNDUP(J3*0.003/(1*D4),-2) -> 45500 | H4: =ROUNDUP(F4*C4,0) -> 1048775 | I4: =H4 -> 1048775 | M4: 1
A5: 2 | B5: 37959 | C5: 23.06 | D5: 0.65 | E5: 买 | F5: =ROUNDUP(J3*0.003/(1*D5),-2) -> 46200 | H5: =ROUNDUP(F5*C5,0) -> 1065372 | I5: =H5+I4 -> 2114147
A6: 3 | B6: 37965 | C6: 23.5 | D6: 0.59 | E6: 买 | F6: =ROUNDUP(J3*0.003/(1*D6),-2) -> 50900 | H6: =ROUNDUP(F6*C6,0) -> 1196150 | I6: =H6+I5 -> 3310297
A7: 4 | B7: 37977 | C7: 22.81 | D7: 0.56 | E7: 买 | F7: 39400 | H7: =ROUNDUP(F7*C7,0) -> 898714 | I7: =H7+I6 -> 4209011
A8: 5 | B8: 37979 | C8: 24.2 | D8: 0.61 | E8: 买 | F8: 0
A9: 6 | B9: 38041 | C9: 28.26 | E9: 卖 | G9: =SUM(F4:F8) -> 182000 | H9: =ROUNDUP(G9*C9,0) -> 5143320 | J9: =J3+K9 -> 10934309 | K9: =H9-I7 -> 934309
A10: 7 | B10: 38061 | C10: 28.6 | D10: 0.85 | E10: 买 | F10: =ROUNDUP(J9*0.003/(1*D10),-2) -> 38600 | H10: =ROUNDUP(F10*C10,0) -> 1103960 | I10: =H10 -> 1103960 | M10: 1
A11: 8 | B11: 38068 | C11: 27.93 | D11: 0.8 | E11: 买 | F11: =ROUNDUP(J9*0.003/(1*D11),-2) -> 41100 | H11: =ROUNDUP(F11*C11,0) -> 1147923 | I11: =H11+I10 -> 2251883
A12: 9 | B12: 38079 | C12: 29.55 | D12: 0.69 | E12: 买 | F12: =ROUNDUP(J9*0.003/(1*D12),-2) -> 47600 | H12: =ROUNDUP(F12*C12,0) -> 1406580 | I12: =H12+I11 -> 3658463
A13: 10 | B13: 38089 | C13: 31.16 | E13: 卖 | G13: =SUM(F10:F12) -> 127300 | H13: =ROUNDUP(G13*C13,0) -> 3966668 | J13: =J9+K13 -> 11242514 | K13: =H13-I12 -> 308205
A14: 11 | B14: 38247 | C14: 19.54 | D14: 0.51 | E14: 买 | F14: =ROUNDUP(J13*0.003/(1*D14),-2) -> 66200 | H14: =ROUNDUP(F14*C14,0) -> 1293548 | I14: =H14 -> 1293548 | M14: 1
A15: 12 | B15: 38250 | C15: 20.59 | D15: 0.54 | E15: 买 | F15: =ROUNDUP(J13*0.003/(1*D15),-2) -> 62500 | H15: =ROUNDUP(F15*C15,0) -> 1286875 | I15: =H15+I14 -> 2580423
A16: 13 | B16: 38260 | C16: 20.98 | E16: 卖 | G16: =SUM(F14:F15) -> 128700 | H16: =ROUNDUP(G16*C16,0) -> 2700126 | J16: =J13+K16 -> 11362217 | K16: =H16-I15 -> 119703
A17: 14 | B17: 38310 | C17: 19.15 | D17: 0.67 | E17: 买 | F17: =ROUNDUP(J16*0.003/(1*D17),-2) -> 50900 | H17: =ROUNDUP(F17*C17,0) -> 974735 | I17: =H17 -> 974735 | N17: 1
A18: 15 | B18: 38320 | C18: 18.73 | E18: 卖 | G18: =F17 -> 50900 | H18: =ROUNDUP(G18*C18,0) -> 953357 | J18: =J16+L18 -> 11340839 | L18: =H18-I17 -> -21378
A19: 16 | B19: 38399 | C19: 17.95 | D19: 0.67 | E19: 买 | F19: =ROUNDUP(J18*0.003/(1*D19),-2) -> 50800 | H19: =ROUNDUP(F19*C19,0) -> 911860 | I19: =H19 -> 911860 | M19: 1
A20: 17 | B20: 38405 | C20: 18.45 | D20: 0.64 | E20: 买 | F20: =ROUNDUP(J18*0.003/(1*D20),-2) -> 53200 | H20: =ROUNDUP(F20*C20,0) -> 981540 | I20: =H20+I19 -> 1893400
A21: 18 | B21: 38425 | C21: 20 | E21: 卖 | G21: =SUM(F19:F20) -> 104000 | H21: =ROUNDUP(G21*C21,0) -> 2080000 | J21: =J18+K21 -> 11527439 | K21: =H21-I20 -> 186600
A22: 19 | B22: 38512 | C22: 21.65 | D22: 0.88 | E22: 买 | F22: =ROUNDUP(J21*0.003/(1*D22),-2) -> 39300 | H22: =ROUNDUP(F22*C22,0) -> 850845 | I22: =H22 -> 850845 | M22: 1
A23: 20 | B23: 38518 | C23: 23.82 | E23: 卖 | G23: =F22 -> 39300 | H23: =ROUNDUP(G23*C23,0) -> 936126 | J23: =J21+K23 -> 11612720 | K23: =H23-I22 -> 85281
A24: 21 | B24: 38566 | C24: 7.65 | D24: 0.66 | E24: 买 | F24: =ROUNDUP(J23*0.003/(1*D24),-2) -> 52800 | H24: =ROUNDUP(F24*C24,0) -> 403920 | I24: =H24 -> 403920 | N24: 1
A25: 22 | B25: 38569 | C25: 7.99 | D25: 0.36 | E25: 买 | F25: =ROUNDUP(J23*0.003/(1*D25),-2) -> 96800 | H25: =ROUNDUP(F25*C25,0) -> 773432 | I25: =H25+I24 -> 1177352
A26: 23 | B26: 38572 | C26: 7.91 | D26: 0.35 | E26: 买 | F26: 61600 | H26: =ROUNDUP(F26*C26,0) -> 487256 | I26: =H26+I25 -> 1664608
A27: 24 | B27: 38573 | C27: 7.77 | D27: 0.33 | E27: 买 | F27: 0 | H27: =ROUNDUP(F27*C27,0) -> 0 | I27: =H27+I26 -> 1664608
A28: 25 | B28: 38574 | C28: 7.9 | D28: 0.33 | E28: 买 | F28: 0 | H28: =ROUNDUP(F28*C28,0) -> 0 | I28: =H28+I27 -> 1664608
A29: 26 | B29: 38617 | C29: 6.68 | E29: 卖 | G29: =SUM(F24:F28) -> 211200 | H29: =ROUNDUP(G29*C29,0) -> 1410816 | J29: =J23+L29 -> 11358928 | L29: =H29-I28 -> -253792
A30: 27 | B30: 38700 | C30: 6.36 | D30: 0.18 | E30: 买 | F30: =ROUNDUP(J29*0.003/(1*D30),-2) -> 189400 | H30: =ROUNDUP(F30*C30,0) -> 1204584 | I30: =H30 -> 1204584 | N30: 1
A31: 28 | B31: 38706 | C31: 6.63 | D31: 0.18 | E31: 买 | F31: =ROUNDUP(J29*0.003/(1*D31),-2) -> 189400 | H31: =ROUNDUP(F31*C31,0) -> 1255722 | I31: =H31+I30 -> 2460306
A32: 29 | B32: 38709 | C32: 6.67 | D32: 0.2 | E32: 买 | F32: =ROUNDUP(J29*0.003/(1*D32),-2) -> 170400 | H32: =ROUNDUP(F32*C32,0) -> 1136568 | I32: =H32+I31 -> 3596874
A33: 30 | B33: 38712 | C33: 6.8 | D33: 0.19 | E33: 买 | F33: =ROUNDUP(J29*0.003/(1*D33),-2) -> 179400 | H33: =ROUNDUP(F33*C33,0) -> 1219920 | I33: =H33+I32 -> 4816794
A34: 31 | B34: 38769 | C34: 6.24 | E34: 卖 | G34: =SUM(F30:F33) -> 728600 | H34: =ROUNDUP(G34*C34,0) -> 4546464 | J34: =J29+L34 -> 11088598 | L34: =H34-I33 -> -270330
A35: 32 | B35: 38777 | C35: 6.11 | D35: 0.17 | E35: 买 | F35: =ROUNDUP(J34*0.003/(1*D35),-2) -> 195700 | H35: =ROUNDUP(F35*C35,0) -> 1195727 | I35: =H35 -> 1195727 | N35: 1
A36: 33 | B36: 38783 | C36: 5.77 | E36: 卖 | G36: =F35 -> 195700 | H36: =ROUNDUP(G36*C36,0) -> 1129189 | J36: =J34+L36 -> 11022060 | L36: =H36-I35 -> -66538
A37: 34 | B37: 38810 | C37: 7.73 | D37: 0.28 | E37: 买 | F37: =ROUNDUP(J36*0.003/(1*D37),-2) -> 118100 | H37: =ROUNDUP(F37*C37,0) -> 912913 | I37: =H37 -> 912913 | M37: 1
A38: 35 | B38: 38811 | C38: 8.46 | D38: 0.31 | E38: 买 | F38: =ROUNDUP(J36*0.003/(1*D38),-2) -> 106700 | H38: =ROUNDUP(F38*C38,0) -> 902682 | I38: =H38+I37 -> 1815595
A39: 36 | B39: 38812 | C39: 8.39 | D39: 0.32 | E39: 买 | F39: =ROUNDUP(J36*0.003/(1*D39),-2) -> 103400 | H39: =ROUNDUP(F39*C39,0) -> 867526 | I39: =H39+I38 -> 2683121
A40: 37 | B40: 38817 | C40: 9 | D40: 0.38 | E40: 买 | F40: =ROUNDUP(J36*0.003/(1*D40),-2) -> 87100 | H40: =ROUNDUP(F40*C40,0) -> 783900 | I40: =H40+I39 -> 3467021
A41: 38 | B41: 38876 | C41: 10.89 | E41: 卖 | G41: =SUM(F37:F40) -> 415300 | H41: =ROUNDUP(G41*C41,0) -> 4522617 | J41: =J36+K41 -> 12077656 | K41: =H41-I40 -> 1055596
A42: 39 | B42: 38901 | C42: 14.67 | D42: 0.84 | E42: 买 | F42: =ROUNDUP(J41*0.003/(1*D42),-2) -> 43200 | H42: =ROUNDUP(F42*C42,0) -> 633744 | I42: =H42 -> 633744 | N42: 1
A43: 40 | B43: 38903 | C43: 14.64 | D43: 0.84 | E43: 买 | F43: =ROUNDUP(J41*0.003/(1*D43),-2) -> 43200 | H43: =ROUNDUP(F43*C43,0) -> 632448 | I43: =H43+I42 -> 1266192
A44: 41 | B44: 38904 | C44: 15.13 | D44: 0.82 | E44: 买 | F44: =ROUNDUP(J41*0.003/(1*D44),-2) -> 44200 | H44: =ROUNDUP(F44*C44,0) -> 668746 | I44: =H44+I43 -> 1934938
A45: 42 | B45: 38911 | C45: 13.53 | E45: 卖 | G45: =SUM(F42:F44) -> 130600 | H45: =ROUNDUP(G45*C45,0) -> 1767018 | J45: =J41+L45 -> 11909736 | L45: =H45-I44 -> -167920
A46: 43 | B46: 38966 | C46: 12.97 | D46: 0.54 | E46: 买 | F46: =ROUNDUP(J45*0.003/(1*D46),-2) -> 66200 | H46: =ROUNDUP(F46*C46,0) -> 858614 | I46: =H46 -> 858614 | M46: 1
A47: 44 | B47: 38972 | C47: 13.33 | D47: 0.53 | E47: 买 | F47: =ROUNDUP(J45*0.003/(1*D47),-2) -> 67500 | H47: =ROUNDUP(F47*C47,0) -> 899775 | I47: =H47+I46 -> 1758389
A48: 45 | B48: 38975 | C48: 12.9 | D48: 0.51 | E48: 买 | F48: =ROUNDUP(J45*0.003/(1*D48),-2) -> 70100 | H48: =ROUNDUP(F48*C48,0) -> 904290 | I48: =H48+I47 -> 2662679
A49: 46 | B49: 38978 | C49: 13.06 | D49: 0.51 | E49: 买 | F49: 61000 | H49: =ROUNDUP(F49*C49,0) -> 796660 | I49: =H49+I48 -> 3459339
A50: 47 | B50: 38989 | C50: 16.3 | D50: 0.58 | E50: 买 | F50: 0
A51: 48 | B51: 39013 | C51: 17.06 | E51: 卖 | G51: =SUM(F46:F50) -> 264800 | H51: =ROUNDUP(G51*C51,0) -> 4517488 | J51: =J45+K51 -> 12967885 | K51: =H51-I49 -> 1058149
A52: 49 | B52: 39014 | C52: 17.72 | D52: 0.79 | E52: 买 | F52: =ROUNDUP(J51*0.003/(1*D52),-2) -> 49300 | H52: =ROUNDUP(F52*C52,0) -> 873596 | I52: =H52 -> 873596 | M52: 1
A53: 50 | B53: 39021 | C53: 19.09 | D53: 0.88 | E53: 买 | F53: =ROUNDUP(J51*0.003/(1*D53),-2) -> 44300 | H53: =ROUNDUP(F53*C53,0) -> 845687 | I53: =H53+I52 -> 1719283
A54: 51 | B54: 39022 | C54: 18.69 | D54: 0.89 | E54: 买 | F54: =ROUNDUP(J51*0.003/(1*D54),-2) -> 43800 | H54: =ROUNDUP(F54*C54,0) -> 818622 | I54: =H54+I53 -> 2537905
A55: 52 | B55: 39027 | C55: 18.16 | D55: 0.9 | E55: 买 | F55: =ROUNDUP(J51*0.003/(1*D55),-2) -> 43300 | H55: =ROUNDUP(F55*C55,0) -> 786328 | I55: =H55+I54 -> 3324233
A56: 53 | B56: 39115 | C56: 32.95 | E56: 卖 | G56: =SUM(F52:F55) -> 180700 | H56: =ROUNDUP(G56*C56,0) -> 5954065 | J56: =J51+K56 -> 15597717 | K56: =H56-I55 -> 2629832
A57: 54 | B57: 39129 | C57: 41.07 | D57: 2.51 | E57: 买 | F57: =ROUNDUP(J56*0.003/(1*D57),-2) -> 18700 | H57: =ROUNDUP(F57*C57,0) -> 768009 | I57: =H57 -> 768009 | N57: 1
A58: 55 | B58: 39140 | C58: 35.23 | E58: 卖 | G58: =F57 -> 18700 | H58: =ROUNDUP(G58*C58,0) -> 658801 | J58: =J56+L58 -> 15488509 | L58: =H58-I57 -> -109208
A59: 56 | B59: 39162 | C59: 39.8 | D59: 2.32 | E59: 买 | F59: =ROUNDUP(J58*0.003/(1*D59),-2) -> 20100 | H59: =ROUNDUP(F59*C59,0) -> 799980 | I59: =H59 -> 799980 | M59: 1
A60: 57 | B60: 39167 | C60: 39.8 | D60: 2.23 | E60: 买 | F60: =ROUNDUP(J58*0.003/(1*D60),-2) -> 20900 | H60: =ROUNDUP(F60*C60,0) -> 831820 | I60: =H60+I59 -> 1631800
A61: 58 | B61: 39169 | C61: 40.7 | D61: 2.19 | E61: 买 | F61: =ROUNDUP(J58*0.003/(1*D61),-2) -> 21300 | H61: =ROUNDUP(F61*C61,0) -> 866910 | I61: =H61+I60 -> 2498710
A62: 59 | B62: 39174 | C62: 43.19 | D62: 2.28 | E62: 买 | F62: 18100 | H62: =ROUNDUP(F62*C62,0) -> 781739 | I62: =H62+I61 -> 3280449
A63: 60 | B63: 39176 | C63: 43.9 | D63: 2.13 | E63: 买 | F63: 0
A64: 61 | B64: 39182 | C64: 52.55 | D64: 2.27 | E64: 买 | F64: 0 | G64: 10转10
A65: 62 | B65: 39233 | C65: 35.49 | E65: 卖 | G65: =SUM(F59:F64)*2 -> 160800 | H65: =ROUNDUP(G65*C65,0) -> 5706792 | J65: =J58+K65 -> 17914852 | K65: =H65-I62 -> 2426343
A66: 63 | B66: 39286 | C66: 44.29 | D66: 2.46 | E66: 买 | F66: =ROUNDUP(J65*0.003/(1*D66),-2) -> 21900 | H66: =ROUNDUP(F66*C66,0) -> 969951 | I66: =H66 -> 969951 | M66: 1
A67: 64 | B67: 39288 | C67: 43.51 | D67: 2.44 | E67: 买 | F67: =ROUNDUP(J65*0.003/(1*D67),-2) -> 22100 | H67: =ROUNDUP(F67*C67,0) -> 961571 | I67: =H67+I66 -> 1931522
A68: 65 | B68: 39293 | C68: 45.81 | D68: 2.44 | E68: 买 | F68: =ROUNDUP(J65*0.003/(1*D68),-2) -> 22100 | H68: =ROUNDUP(F68*C68,0) -> 1012401 | I68: =H68+I67 -> 2943923
A69: 66 | B69: 39297 | C69: 48.95 | D69: 2.4 | E69: 买 | F69: 21500 | H69: =ROUNDUP(F69*C69,0) -> 1052425 | I69: =H69+I68 -> 3996348
A70: 67 | B70: 39300 | C70: 51.09 | D70: 2.43 | E70: 买 | F70: 0
A71: 68 | B71: 39307 | C71: 49.81 | D71: 2.41 | E71: 买 | F71: 0
A72: 69 | B72: 39337 | C72: 49.03 | E72: 卖 | G72: =SUM(F66:F71) -> 87600 | H72: =ROUNDUP(G72*C72,0) -> 4295028 | J72: =J65+K72 -> 18213532 | K72: =H72-I69 -> 298680
A73: 70 | B73: 39342 | C73: 50.49 | D73: 2.4 | E73: 买 | F73: =ROUNDUP(J72*0.003/(1*D73),-2) -> 22800 | H73: =ROUNDUP(F73*C73,0) -> 1151172 | I73: =H73 -> 1151172 | M73: 1
A74: 71 | B74: 39349 | C74: 49.25 | D74: 2.35 | E74: 买 | F74: =ROUNDUP(J72*0.003/(1*D74),-2) -> 23300 | H74: =ROUNDUP(F74*C74,0) -> 1147525 | I74: =H74+I73 -> 2298697
A75: 72 | B75: 39353 | C75: 51.05 | D75: 2.22 | E75: 买 | F75: =ROUNDUP(J72*0.003/(1*D75),-2) -> 24700 | H75: =ROUNDUP(F75*C75,0) -> 1260935 | I75: =H75+I74 -> 3559632
A76: 73 | B76: 39363 | C76: 52.8 | D76: 2.21 | E76: 买 | F76: 20400 | H76: =ROUNDUP(F76*C76,0) -> 1077120 | I76: =H76+I75 -> 4636752
A77: 74 | B77: 39365 | C77: 55.75 | D77: 2.37 | E77: 买 | F77: 0
A78: 75 | B78: 39378 | C78: 63.26 | E78: 卖 | G78: =SUM(F73:F77) -> 91200 | H78: =ROUNDUP(G78*C78,0) -> 5769312 | J78: =J72+K78 -> 19346092 | K78: =H78-I76 -> 1132560
A79: 76 | B79: 39440 | C79: 54.37 | D79: 2.36 | E79: 买 | F79: =ROUNDUP(J78*0.003/(1*D79),-2) -> 24600 | H79: =ROUNDUP(F79*C79,0) -> 1337502 | I79: =H79 -> 1337502 | N79: 1
A80: 77 | B80: 39443 | C80: 57.58 | D80: 2.34 | E80: 买 | F80: =ROUNDUP(J78*0.003/(1*D80),-2) -> 24900 | H80: =ROUNDUP(F80*C80,0) -> 1433742 | I80: =H80+I79 -> 2771244
A81: 78 | B81: 39454 | C81: 58.76 | D81: 2.13 | E81: 买 | F81: =ROUNDUP(J78*0.003/(1*D81),-2) -> 27300 | H81: =ROUNDUP(F81*C81,0) -> 1604148 | I81: =H81+I80 -> 4375392
A82: 79 | B82: 39457 | C82: 57.28 | D82: 2.07 | E82: 买 | F82: 21600 | H82: =ROUNDUP(F82*C82,0) -> 1237248 | I82: =H82+I81 -> 5612640
A83: 80 | B83: 39464 | C83: 53 | E83: 卖 | G83: =SUM(F79:F82) -> 98400 | H83: =ROUNDUP(G83*C83,0) -> 5215200 | J83: =J78+L83 -> 18948652 | L83: =H83-I82 -> -397440
A84: 81 | B84: 39568 | C84: 38.2 | D84: 2.65 | E84: 买 | F84: =ROUNDUP(J83*0.003/(1*D84),-2) -> 21500 | H84: =ROUNDUP(F84*C84,0) -> 821300 | I84: =H84 -> 821300 | M84: 1
A85: 82 | B85: 39588 | C85: 42.15 | E85: 卖 | G85: =F84 -> 21500 | H85: =ROUNDUP(G85*C85,0) -> 906225 | J85: =J83+K85 -> 19033577 | K85: =H85-I84 -> 84925
A86: 83 | B86: 39769 | C86: 17.21 | D86: 1.13 | E86: 买 | F86: =ROUNDUP(J85*0.003/(1*D86),-2) -> 50600 | H86: =ROUNDUP(F86*C86,0) -> 870826 | I86: =H86 -> 870826 | N86: 1
A87: 84 | B87: 39780 | C87: 16.31 | E87: 卖 | G87: =F86 -> 50600 | H87: =ROUNDUP(G87*C87,0) -> 825286 | J87: =J85+L87 -> 18988037 | L87: =H87-I86 -> -45540
A88: 85 | B88: 39790 | C88: 18.12 | D88: 1.18 | E88: 买 | F88: =ROUNDUP(J87*0.003/(1*D88),-2) -> 48300 | H88: =ROUNDUP(F88*C88,0) -> 875196 | I88: =H88 -> 875196 | N88: 1
A89: 86 | B89: 39805 | C89: 15.36 | E89: 卖 | G89: =F88 -> 48300 | H89: =ROUNDUP(G89*C89,0) -> 741888 | J89: =J87+L89 -> 18854729 | L89: =H89-I88 -> -133308
A90: 87 | B90: 39847 | C90: 20.88 | D90: 0.95 | E90: 买 | F90: =ROUNDUP(J89*0.003/(1*D90),-2) -> 59600 | H90: =ROUNDUP(F90*C90,0) -> 1244448 | I90: =H90 -> 1244448 | M90: 1
A91: 88 | B91: 39848 | C91: 20.77 | D91: 0.96 | E91: 买 | F91: =ROUNDUP(J89*0.003/(1*D91),-2) -> 59000 | H91: =ROUNDUP(F91*C91,0) -> 1225430 | I91: =H91+I90 -> 2469878
A92: 89 | B92: 39850 | C92: 20.79 | D92: 0.97 | E92: 买 | F92: =ROUNDUP(J89*0.003/(1*D92),-2) -> 58400 | H92: =ROUNDUP(F92*C92,0) -> 1214136 | I92: =H92+I91 -> 3684014
A93: 90 | B93: 39853 | C93: 21.05 | D93: 0.99 | E93: 买 | F93: =ROUNDUP(J89*0.003/(1*D93),-2) -> 57200 | H93: =ROUNDUP(F93*C93,0) -> 1204060 | I93: =H93+I92 -> 4888074
A94: 91 | B94: 39854 | C94: 20.93 | D94: 0.98 | E94: 买 | F94: 4200 | H94: =ROUNDUP(F94*C94,0) -> 87906 | I94: =H94+I93 -> 4975980
A95: 92 | B95: 39869 | C95: 23.2 | E95: 卖 | G95: =SUM(F90:F94) -> 238400 | H95: =ROUNDUP(G95*C95,0) -> 5530880 | J95: =J89+K95 -> 19409629 | K95: =H95-I94 -> 554900
A96: 93 | B96: 39895 | C96: 24.69 | D96: 1.4 | E96: 买 | F96: =ROUNDUP(J95*0.003/(1*D96),-2) -> 41600 | H96: =ROUNDUP(F96*C96,0) -> 1027104 | I96: =H96 -> 1027104 | N96: 1
A97: 94 | B97: 39898 | C97: 23.7 | D97: 1.32 | E97: 买 | F97: =ROUNDUP(J95*0.003/(1*D97),-2) -> 44200 | H97: =ROUNDUP(F97*C97,0) -> 1047540 | I97: =H97+I96 -> 2074644
A98: 95 | B98: 39904 | C98: 24.39 | D98: 1.25 | E98: 买 | F98: =ROUNDUP(J95*0.003/(1*D98),-2) -> 46600 | H98: =ROUNDUP(F98*C98,0) -> 1136574 | I98: =H98+I97 -> 3211218
A99: 96 | B99: 39910 | C99: 24.5 | D99: 1.12 | E99: 买 | F99: 34000 | H99: =ROUNDUP(F99*C99,0) -> 833000 | I99: =H99+I98 -> 4044218
A100: 97 | B100: 39916 | C100: 24.86 | D100: 1.02 | E100: 买 | F100: 0 | H100: =ROUNDUP(F100*C100,0) -> 0 | I100: =H100+I99 -> 4044218
...

Sheet 600031三一重工100W
A1: 序号 | B1: 时间 | C1: 价格 | D1: ATR | F1: 股数 | H1: 成交金额 | I1: 市值 | J1: 帐户权益 | K1: 盈亏金额 | M1: 交易次数
F2: 买 | G2: 卖 | K2: 盈 | L2: 亏 | M2: 盈 | N2: 亏
A3: 0 | J3: 1000000
A4: 1 | B4: 37956 | C4: 23.05 | D4: 0.66 | E4: 买 | F4: =ROUNDUP(J3*0.003/(1*D4),-2) -> 4600 | H4: =ROUNDUP(F4*C4,0) -> 106030 | I4: =H4 -> 106030 | M4: 1
A5: 2 | B5: 37959 | C5: 23.06 | D5: 0.65 | E5: 买 | F5: =ROUNDUP(J3*0.003/(1*D5),-2) -> 4700 | H5: =ROUNDUP(F5*C5,0) -> 108382 | I5: =H5+I4 -> 214412
A6: 3 | B6: 37965 | C6: 23.5 | D6: 0.59 | E6: 买 | F6: =ROUNDUP(J3*0.003/(1*D6),-2) -> 5100 | H6: =ROUNDUP(F6*C6,0) -> 119850 | I6: =H6+I5 -> 334262
A7: 4 | B7: 37977 | C7: 22.81 | D7: 0.56 | E7: 买 | F7: =F4*4-F4-F5-F6 -> 4000 | H7: =ROUNDUP(F7*C7,0) -> 91240 | I7: =H7+I6 -> 425502
A8: 5 | B8: 37979 | C8: 24.2 | D8: 0.61 | E8: 买 | F8: 0
A9: 6 | B9: 38041 | C9: 28.26 | E9: 卖 | G9: =SUM(F4:F8) -> 18400 | H9: =ROUNDUP(G9*C9,0) -> 519984 | J9: =J3+K9 -> 1094482 | K9: =H9-I7 -> 94482
A10: 7 | B10: 38061 | C10: 28.6 | D10: 0.85 | E10: 买 | F10: =ROUNDUP(J9*0.003/(1*D10),-2) -> 3900 | H10: =ROUNDUP(F10*C10,0) -> 111540 | I10: =H10 -> 111540 | M10: 1
A11: 8 | B11: 38068 | C11: 27.93 | D11: 0.8 | E11: 买 | F11: =ROUNDUP(J9*0.003/(1*D11),-2) -> 4200 | H11: =ROUNDUP(F11*C11,0) -> 117306 | I11: =H11+I10 -> 228846
A12: 9 | B12: 38079 | C12: 29.55 | D12: 0.69 | E12: 买 | F12: =ROUNDUP(J9*0.003/(1*D12),-2) -> 4800 | H12: =ROUNDUP(F12*C12,0) -> 141840 | I12: =H12+I11 -> 370686
A13: 10 | B13: 38089 | C13: 31.16 | E13: 卖 | G13: =SUM(F10:F12) -> 12900 | H13: =ROUNDUP(G13*C13,0) -> 401964 | J13: =J9+K13 -> 1125760 | K13: =H13-I12 -> 31278
A14: 11 | B14: 38247 | C14: 19.54 | D14: 0.51 | E14: 买 | F14: =ROUNDUP(J13*0.003/(1*D14),-2) -> 6700 | H14: =ROUNDUP(F14*C14,0) -> 130918 | I14: =H14 -> 130918 | M14: 1
A15: 12 | B15: 38250 | C15: 20.59 | D15: 0.54 | E15: 买 | F15: =ROUNDUP(J13*0.003/(1*D15),-2) -> 6300 | H15: =ROUNDUP(F15*C15,0) -> 129717 | I15: =H15+I14 -> 260635
A16: 13 | B16: 38260 | C16: 20.98 | E16: 卖 | G16: =SUM(F14:F15) -> 13000 | H16: =ROUNDUP(G16*C16,0) -> 272740 | J16: =J13+K16 -> 1137865 | K16: =H16-I15 -> 12105
A17: 14 | B17: 38310 | C17: 19.15 | D17: 0.67 | E17: 买 | F17: =ROUNDUP(J16*0.003/(1*D17),-2) -> 5100 | H17: =ROUNDUP(F17*C17,0) -> 97665 | I17: =H17 -> 97665 | N17: 1
A18: 15 | B18: 38320 | C18: 18.73 | E18: 卖 | G18: =F17 -> 5100 | H18: =ROUNDUP(G18*C18,0) -> 95523 | J18: =J16+L18 -> 1135723 | L18: =H18-I17 -> -2142
A19: 16 | B19: 38399 | C19: 17.95 | D19: 0.67 | E19: 买 | F19: =ROUNDUP(J18*0.003/(1*D19),-2) -> 5100 | H19: =ROUNDUP(F19*C19,0) -> 91545 | I19: =H19 -> 91545 | M19: 1
A20: 17 | B20: 38405 | C20: 18.45 | D20: 0.64 | E20: 买 | F20: =ROUNDUP(J18*0.003/(1*D20),-2) -> 5400 | H20: =ROUNDUP(F20*C20,0) -> 99630 | I20: =H20+I19 -> 191175
A21: 18 | B21: 38425 | C21: 20 | E21: 卖 | G21: =SUM(F19:F20) -> 10500 | H21: =ROUNDUP(G21*C21,0) -> 210000 | J21: =J18+K21 -> 1154548 | K21: =H21-I20 -> 18825
A22: 19 | B22: 38512 | C22: 21.65 | D22: 0.88 | E22: 买 | F22: =ROUNDUP(J21*0.003/(1*D22),-2) -> 4000 | H22: =ROUNDUP(F22*C22,0) -> 86600 | I22: =H22 -> 86600 | M22: 1
A23: 20 | B23: 38518 | C23: 23.82 | E23: 卖 | G23: =F22 -> 4000 | H23: =ROUNDUP(G23*C23,0) -> 95280 | J23: =J21+K23 -> 1163228 | K23: =H23-I22 -> 8680
A24: 21 | B24: 38566 | C24: 7.65 | D24: 0.66 | E24: 买 | F24: =ROUNDUP(J23*0.003/(1*D24),-2) -> 5300 | H24: =ROUNDUP(F24*C24,0) -> 40545 | I24: =H24 -> 40545 | N24: 1
A25: 22 | B25: 38569 | C25: 7.99 | D25: 0.36 | E25: 买 | F25: =ROUNDUP(J23*0.003/(1*D25),-2) -> 9700 | H25: =ROUNDUP(F25*C25,0) -> 77503 | I25: =H25+I24 -> 118048
A26: 23 | B26: 38572 | C26: 7.91 | D26: 0.35 | E26: 买 | F26: =ROUNDUP(J23*0.003/(1*D26),-2) -> 10000 | H26: =ROUNDUP(F26*C26,0) -> 79100 | I26: =H26+I25 -> 197148
A27: 24 | B27: 38573 | C27: 7.77 | D27: 0.33 | E27: 买 | F27: =F24*4-F25-F26 -> 1500 | H27: =ROUNDUP(F27*C27,0) -> 11655 | I27: =H27+I26 -> 208803
A28: 25 | B28: 38574 | C28: 7.9 | D28: 0.33 | E28: 买 | F28: 0 | H28: =ROUNDUP(F28*C28,0) -> 0 | I28: =H28+I27 -> 208803
A29: 26 | B29: 38617 | C29: 6.68 | E29: 卖 | G29: =SUM(F24:F28) -> 26500 | H29: =ROUNDUP(G29*C29,0) -> 177020 | J29: =J23+L29 -> 1131445 | L29: =H29-I28 -> -31783
A30: 27 | B30: 38700 | C30: 6.36 | D30: 0.18 | E30: 买 | F30: =ROUNDUP(J29*0.003/(1*D30),-2) -> 18900 | H30: =ROUNDUP(F30*C30,0) -> 120204 | I30: =H30 -> 120204 | N30: 1
A31: 28 | B31: 38706 | C31: 6.63 | D31: 0.18 | E31: 买 | F31: =ROUNDUP(J29*0.003/(1*D31),-2) -> 18900 | H31: =ROUNDUP(F31*C31,0) -> 125307 | I31: =H31+I30 -> 245511
A32: 29 | B32: 38709 | C32: 6.67 | D32: 0.2 | E32: 买 | F32: =ROUNDUP(J29*0.003/(1*D32),-2) -> 17000 | H32: =ROUNDUP(F32*C32,0) -> 113390 | I32: =H32+I31 -> 358901
A33: 30 | B33: 38712 | C33: 6.8 | D33: 0.19 | E33: 买 | F33: =ROUNDUP(J29*0.003/(1*D33),-2) -> 17900 | H33: =ROUNDUP(F33*C33,0) -> 121720 | I33: =H33+I32 -> 480621
A34: 31 | B34: 38769 | C34: 6.24 | E34: 卖 | G34: =SUM(F30:F33) -> 72700 | H34: =ROUNDUP(G34*C34,0) -> 453648 | J34: =J29+L34 -> 1104472 | L34: =H34-I33 -> -26973
A35: 32 | B35: 38777 | C35: 6.11 | D35: 0.17 | E35: 买 | F35: =ROUNDUP(J34*0.003/(1*D35),-2) -> 19500 | H35: =ROUNDUP(F35*C35,0) -> 119145 | I35: =H35 -> 119145 | N35: 1
A36: 33 | B36: 38783 | C36: 5.77 | E36: 卖 | G36: =F35 -> 19500 | H36: =ROUNDUP(G36*C36,0) -> 112515 | J36: =J34+L36 -> 1097842 | L36: =H36-I35 -> -6630
A37: 34 | B37: 38810 | C37: 7.73 | D37: 0.28 | E37: 买 | F37: =ROUNDUP(J36*0.003/(1*D37),-2) -> 11800 | H37: =ROUNDUP(F37*C37,0) -> 91214 | I37: =H37 -> 91214 | M37: 1
A38: 35 | B38: 38811 | C38: 8.46 | D38: 0.31 | E38: 买 | F38: =ROUNDUP(J36*0.003/(1*D38),-2) -> 10700 | H38: =ROUNDUP(F38*C38,0) -> 90522 | I38: =H38+I37 -> 181736
A39: 36 | B39: 38812 | C39: 8.39 | D39: 0.32 | E39: 买 | F39: =ROUNDUP(J36*0.003/(1*D39),-2) -> 10300 | H39: =ROUNDUP(F39*C39,0) -> 86417 | I39: =H39+I38 -> 268153
A40: 37 | B40: 38817 | C40: 9 | D40: 0.38 | E40: 买 | F40: =ROUNDUP(J36*0.003/(1*D40),-2) -> 8700 | H40: =ROUNDUP(F40*C40,0) -> 78300 | I40: =H40+I39 -> 346453
A41: 38 | B41: 38876 | C41: 10.89 | E41: 卖 | G41: =SUM(F37:F40) -> 41500 | H41: =ROUNDUP(G41*C41,0) -> 451935 | J41: =J36+K41 -> 1203324 | K41: =H41-I40 -> 105482
A42: 39 | B42: 38901 | C42: 14.67 | D42: 0.84 | E42: 买 | F42: =ROUNDUP(J41*0.003/(1*D42),-2) -> 4300 | H42: =ROUNDUP(F42*C42,0) -> 63081 | I42: =H42 -> 63081 | N42: 1
A43: 40 | B43: 38903 | C43: 14.64 | D43: 0.84 | E43: 买 | F43: =ROUNDUP(J41*0.003/(1*D43),-2) -> 4300 | H43: =ROUNDUP(F43*C43,0) -> 62952 | I43: =H43+I42 -> 126033
A44: 41 | B44: 38904 | C44: 15.13 | D44: 0.82 | E44: 买 | F44: =ROUNDUP(J41*0.003/(1*D44),-2) -> 4500 | H44: =ROUNDUP(F44*C44,0) -> 68085 | I44: =H44+I43 -> 194118
A45: 42 | B45: 38911 | C45: 13.53 | E45: 卖 | G45: =SUM(F42:F44) -> 13100 | H45: =ROUNDUP(G45*C45,0) -> 177243 | J45: =J41+L45 -> 1186449 | L45: =H45-I44 -> -16875
A46: 43 | B46: 38966 | C46: 12.97 | D46: 0.54 | E46: 买 | F46: =ROUNDUP(J45*0.003/(1*D46),-2) -> 6600 | H46: =ROUNDUP(F46*C46,0) -> 85602 | I46: =H46 -> 85602 | M46: 1
A47: 44 | B47: 38972 | C47: 13.33 | D47: 0.53 | E47: 买 | F47: =ROUNDUP(J45*0.003/(1*D47),-2) -> 6800 | H47: =ROUNDUP(F47*C47,0) -> 90644 | I47: =H47+I46 -> 176246
A48: 45 | B48: 38975 | C48: 12.9 | D48: 0.51 | E48: 买 | F48: =ROUNDUP(J45*0.003/(1*D48),-2) -> 7000 | H48: =ROUNDUP(F48*C48,0) -> 90300 | I48: =H48+I47 -> 266546
A49: 46 | B49: 38978 | C49: 13.06 | D49: 0.51 | E49: 买 | F49: 61000 | H49: =ROUNDUP(F49*C49,0) -> 796660 | I49: =H49+I48 -> 1063206
A50: 47 | B50: 38989 | C50: 16.3 | D50: 0.58 | E50: 买 | F50: 0
A51: 48 | B51: 39013 | C51: 17.06 | E51: 卖 | G51: =SUM(F46:F50) -> 81400 | H51: =ROUNDUP(G51*C51,0) -> 1388684 | J51: =J45+K51 -> 1511927 | K51: =H51-I49 -> 325478
A52: 49 | B52: 39014 | C52: 17.72 | D52: 0.79 | E52: 买 | F52: =ROUNDUP(J51*0.003/(1*D52),-2) -> 5800 | H52: =ROUNDUP(F52*C52,0) -> 102776 | I52: =H52 -> 102776 | M52: 1
A53: 50 | B53: 39021 | C53: 19.09 | D53: 0.88 | E53: 买 | F53: =ROUNDUP(J51*0.003/(1*D53),-2) -> 5200 | H53: =ROUNDUP(F53*C53,0) -> 99268 | I53: =H53+I52 -> 202044
A54: 51 | B54: 39022 | C54: 18.69 | D54: 0.89 | E54: 买 | F54: =ROUNDUP(J51*0.003/(1*D54),-2) -> 5100 | H54: =ROUNDUP(F54*C54,0) -> 95319 | I54: =H54+I53 -> 297363
A55: 52 | B55: 39027 | C55: 18.16 | D55: 0.9 | E55: 买 | F55: =ROUNDUP(J51*0.003/(1*D55),-2) -> 5100 | H55: =ROUNDUP(F55*C55,0) -> 92616 | I55: =H55+I54 -> 389979
A56: 53 | B56: 39115 | C56: 32.95 | E56: 卖 | G56: =SUM(F52:F55) -> 21200 | H56: =ROUNDUP(G56*C56,0) -> 698540 | J56: =J51+K56 -> 1820488 | K56: =H56-I55 -> 308561
A57: 54 | B57: 39129 | C57: 41.07 | D57: 2.51 | E57: 买 | F57: =ROUNDUP(J56*0.003/(1*D57),-2) -> 2200 | H57: =ROUNDUP(F57*C57,0) -> 90354 | I57: =H57 -> 90354 | N57: 1
A58: 55 | B58: 39140 | C58: 35.23 | E58: 卖 | G58: =F57 -> 2200 | H58: =ROUNDUP(G58*C58,0) -> 77506 | J58: =J56+L58 -> 1807640 | L58: =H58-I57 -> -12848
A59: 56 | B59: 39162 | C59: 39.8 | D59: 2.32 | E59: 买 | F59: =ROUNDUP(J58*0.003/(1*D59),-2) -> 2400 | H59: =ROUNDUP(F59*C59,0) -> 95520 | I59: =H59 -> 95520 | M59: 1
A60: 57 | B60: 39167 | C60: 39.8 | D60: 2.23 | E60: 买 | F60: =ROUNDUP(J58*0.003/(1*D60),-2) -> 2500 | H60: =ROUNDUP(F60*C60,0) -> 99500 | I60: =H60+I59 -> 195020
A61: 58 | B61: 39169 | C61: 40.7 | D61: 2.19 | E61: 买 | F61: =ROUNDUP(J58*0.003/(1*D61),-2) -> 2500 | H61: =ROUNDUP(F61*C61,0) -> 101750 | I61: =H61+I60 -> 296770
A62: 59 | B62: 39174 | C62: 43.19 | D62: 2.28 | E62: 买 | F62: =F59*4-F59-F60-F61 -> 2200 | H62: =ROUNDUP(F62*C62,0) -> 95018 | I62: =H62+I61 -> 391788
A63: 60 | B63: 39176 | C63: 43.9 | D63: 2.13 | E63: 买 | F63: 0
A64: 61 | B64: 39182 | C64: 52.55 | D64: 2.27 | E64: 买 | F64: 0 | G64: 10转10
A65: 62 | B65: 39233 | C65: 35.49 | E65: 卖 | G65: =SUM(F59:F64)*2 -> 19200 | H65: =ROUNDUP(G65*C65,0) -> 681408 | J65: =J58+K65 -> 2097260 | K65: =H65-I62 -> 289620
A66: 63 | B66: 39286 | C66: 44.29 | D66: 2.46 | E66: 买 | F66: =ROUNDUP(J65*0.003/(1*D66),-2) -> 2600 | H66: =ROUNDUP(F66*C66,0) -> 115154 | I66: =H66 -> 115154 | M66: 1
A67: 64 | B67: 39288 | C67: 43.51 | D67: 2.44 | E67: 买 | F67: =ROUNDUP(J65*0.003/(1*D67),-2) -> 2600 | H67: =ROUNDUP(F67*C67,0) -> 113126 | I67: =H67+I66 -> 228280
A68: 65 | B68: 39293 | C68: 45.81 | D68: 2.44 | E68: 买 | F68: =ROUNDUP(J65*0.003/(1*D68),-2) -> 2600 | H68: =ROUNDUP(F68*C68,0) -> 119106 | I68: =H68+I67 -> 347386
A69: 66 | B69: 39297 | C69: 48.95 | D69: 2.4 | E69: 买 | F69: =F66*4-F66-F67-F68 -> 2600 | H69: =ROUNDUP(F69*C69,0) -> 127270 | I69: =H69+I68 -> 474656
A70: 67 | B70: 39300 | C70: 51.09 | D70: 2.43 | E70: 买 | F70: 0
A71: 68 | B71: 39307 | C71: 49.81 | D71: 2.41 | E71: 买 | F71: 0
A72: 69 | B72: 39337 | C72: 49.03 | E72: 卖 | G72: =SUM(F66:F71) -> 10400 | H72: =ROUNDUP(G72*C72,0) -> 509912 | J72: =J65+K72 -> 2132516 | K72: =H72-I69 -> 35256
A73: 70 | B73: 39342 | C73: 50.49 | D73: 2.4 | E73: 买 | F73: =ROUNDUP(J72*0.003/(1*D73),-2) -> 2700 | H73: =ROUNDUP(F73*C73,0) -> 136323 | I73: =H73 -> 136323 | M73: 1
A74: 71 | B74: 39349 | C74: 49.25 | D74: 2.35 | E74: 买 | F74: =ROUNDUP(J72*0.003/(1*D74),-2) -> 2800 | H74: =ROUNDUP(F74*C74,0) -> 137900 | I74: =H74+I73 -> 274223
A75: 72 | B75: 39353 | C75: 51.05 | D75: 2.22 | E75: 买 | F75: =ROUNDUP(J72*0.003/(1*D75),-2) -> 2900 | H75: =ROUNDUP(F75*C75,0) -> 148045 | I75: =H75+I74 -> 422268
A76: 73 | B76: 39363 | C76: 52.8 | D76: 2.21 | E76: 买 | F76: =F73*4-F73-F74-F75 -> 2400 | H76: =ROUNDUP(F76*C76,0) -> 126720 | I76: =H76+I75 -> 548988
A77: 74 | B77: 39365 | C77: 55.75 | D77: 2.37 | E77: 买 | F77: 0
A78: 75 | B78: 39378 | C78: 63.26 | E78: 卖 | G78: =SUM(F73:F77) -> 10800 | H78: =ROUNDUP(G78*C78,0) -> 683208 | J78: =J72+K78 -> 2266736 | K78: =H78-I76 -> 134220
A79: 76 | B79: 39440 | C79: 54.37 | D79: 2.36 | E79: 买 | F79: =ROUNDUP(J78*0.003/(1*D79),-2) -> 2900 | H79: =ROUNDUP(F79*C79,0) -> 157673 | I79: =H79 -> 157673 | N79: 1
A80: 77 | B80: 39443 | C80: 57.58 | D80: 2.34 | E80: 买 | F80: =ROUNDUP(J78*0.003/(1*D80),-2) -> 3000 | H80: =ROUNDUP(F80*C80,0) -> 172740 | I80: =H80+I79 -> 330413
A81: 78 | B81: 39454 | C81: 58.76 | D81: 2.13 | E81: 买 | F81: =ROUNDUP(J78*0.003/(1*D81),-2) -> 3200 | H81: =ROUNDUP(F81*C81,0) -> 188032 | I81: =H81+I80 -> 518445
A82: 79 | B82: 39457 | C82: 57.28 | D82: 2.07 | E82: 买 | F82: =F79*4-F79-F80-F81 -> 2500 | H82: =ROUNDUP(F82*C82,0) -> 143200 | I82: =H82+I81 -> 661645
A83: 80 | B83: 39464 | C83: 53 | E83: 卖 | G83: =SUM(F79:F82) -> 11600 | H83: =ROUNDUP(G83*C83,0) -> 614800 | J83: =J78+L83 -> 2219891 | L83: =H83-I82 -> -46845
A84: 81 | B84: 39568 | C84: 38.2 | D84: 2.65 | E84: 买 | F84: =ROUNDUP(J83*0.003/(1*D84),-2) -> 2600 | H84: =ROUNDUP(F84*C84,0) -> 99320 | I84: =H84 -> 99320 | M84: 1
A85: 82 | B85: 39588 | C85: 42.15 | E85: 卖 | G85: =F84 -> 2600 | H85: =ROUNDUP(G85*C85,0) -> 109590 | J85: =J83+K85 -> 2230161 | K85: =H85-I84 -> 10270
A86: 83 | B86: 39769 | C86: 17.21 | D86: 1.13 | E86: 买 | F86: =ROUNDUP(J85*0.003/(1*D86),-2) -> 6000 | H86: =ROUNDUP(F86*C86,0) -> 103260 | I86: =H86 -> 103260 | N86: 1
A87: 84 | B87: 39780 | C87: 16.31 | E87: 卖 | G87: =F86 -> 6000 | H87: =ROUNDUP(G87*C87,0) -> 97860 | J87: =J85+L87 -> 2224761 | L87: =H87-I86 -> -5400
A88: 85 | B88: 39790 | C88: 18.12 | D88: 1.18 | E88: 买 | F88: =ROUNDUP(J87*0.003/(1*D88),-2) -> 5700 | H88: =ROUNDUP(F88*C88,0) -> 103284 | I88: =H88 -> 103284 | N88: 1
A89: 86 | B89: 39805 | C89: 15.36 | E89: 卖 | G89: =F88 -> 5700 | H89: =ROUNDUP(G89*C89,0) -> 87552 | J89: =J87+L89 -> 2209029 | L89: =H89-I88 -> -15732
A90: 87 | B90: 39847 | C90: 20.88 | D90: 0.95 | E90: 买 | F90: =ROUNDUP(J89*0.003/(1*D90),-2) -> 7000 | H90: =ROUNDUP(F90*C90,0) -> 146160 | I90: =H90 -> 146160 | M90: 1
A91: 88 | B91: 39848 | C91: 20.77 | D91: 0.96 | E91: 买 | F91: =ROUNDUP(J89*0.003/(1*D91),-2) -> 7000 | H91: =ROUNDUP(F91*C91,0) -> 145390 | I91: =H91+I90 -> 291550
A92: 89 | B92: 39850 | C92: 20.79 | D92: 0.97 | E92: 买 | F92: =ROUNDUP(J89*0.003/(1*D92),-2) -> 6900 | H92: =ROUNDUP(F92*C92,0) -> 143451 | I92: =H92+I91 -> 435001
A93: 90 | B93: 39853 | C93: 21.05 | D93: 0.99 | E93: 买 | F93: =ROUNDUP(J89*0.003/(1*D93),-2) -> 6700 | H93: =ROUNDUP(F93*C93,0) -> 141035 | I93: =H93+I92 -> 576036
A94: 91 | B94: 39854 | C94: 20.93 | D94: 0.98 | E94: 买 | F94: =F90*4-F90-F91-F92-F93 -> 400 | H94: =ROUNDUP(F94*C94,0) -> 8372 | I94: =H94+I93 -> 584408
A95: 92 | B95: 39869 | C95: 23.2 | E95: 卖 | G95: =SUM(F90:F94) -> 28000 | H95: =ROUNDUP(G95*C95,0) -> 649600 | J95: =J89+K95 -> 2274221 | K95: =H95-I94 -> 65192
A96: 93 | B96: 39895 | C96: 24.69 | D96: 1.4 | E96: 买 | F96: =ROUNDUP(J95*0.003/(1*D96),-2) -> 4900 | H96: =ROUNDUP(F96*C96,0) -> 120981 | I96: =H96 -> 120981 | N96: 1
A97: 94 | B97: 39898 | C97: 23.7 | D97: 1.32 | E97: 买 | F97: =ROUNDUP(J95*0.003/(1*D97),-2) -> 5200 | H97: =ROUNDUP(F97*C97,0) -> 123240 | I97: =H97+I96 -> 244221
A98: 95 | B98: 39904 | C98: 24.39 | D98: 1.25 | E98: 买 | F98: =ROUNDUP(J95*0.003/(1*D98),-2) -> 5500 | H98: =ROUNDUP(F98*C98,0) -> 134145 | I98: =H98+I97 -> 378366
A99: 96 | B99: 39910 | C99: 24.5 | D99: 1.12 | E99: 买 | F99: =F96*4-F96-F97-F98 -> 4000 | H99: =ROUNDUP(F99*C99,0) -> 98000 | I99: =H99+I98 -> 476366
A100: 97 | B100: 39916 | C100: 24.86 | D100: 1.02 | E100: 买 | F100: 0 | H100: =ROUNDUP(F100*C100,0) -> 0 | I100: =H100+I99 -> 476366
...

Sheet 002271东方雨虹1000W
A1: 序号 | B1: 时间 | C1: 价格 | D1: ATR | F1: 股数 | H1: 成交金额 | I1: 市值 | J1: 帐户权益 | K1: 盈亏金额 | M1: 交易次数
F2: 买 | G2: 卖 | K2: 盈 | L2: 亏 | M2: 盈 | N2: 亏
A3: 0 | J3: 10000000
A4: 83 | B4: 39769 | C4: 20.26 | D4: 0.88 | E4: 买 | F4: =ROUNDUP(J3*0.003/(1*D4),-2) -> 34100 | H4: =ROUNDUP(F4*C4,0) -> 690866 | I4: =H4 -> 690866 | N4: 1
A5: 84 | B5: 39780 | C5: 18 | E5: 卖 | G5: =F4 -> 34100 | H5: =ROUNDUP(G5*C5,0) -> 613800 | J5: =J3+L5 -> 9922934 | L5: =H5-I4 -> -77066
A6: 85 | B6: 39790 | C6: 26.01 | D6: 1.54 | E6: 买 | F6: =ROUNDUP(J5*0.003/(1*D6),-2) -> 19400 | H6: =ROUNDUP(F6*C6,0) -> 504594 | I6: =H6 -> 504594 | M6: 1
A7: 86 | B7: 39805 | C7: 26.09 | E7: 卖 | G7: =F6 -> 19400 | H7: =ROUNDUP(G7*C7,0) -> 506146 | J7: =J5+L7 -> 9922934 | K7: =H7-I6 -> 1552
A8: 87 | B8: 39847 | C8: 36.32 | D8: 2.55 | E8: 买 | F8: =ROUNDUP(J7*0.003/(1*D8),-2) -> 11700 | H8: =ROUNDUP(F8*C8,0) -> 424944 | I8: =H8 -> 424944 | N8: 1
A9: 88 | B9: 39848 | C9: 36.56 | D9: 2.56 | E9: 买 | F9: =ROUNDUP(J7*0.003/(1*D9),-2) -> 11700 | H9: =ROUNDUP(F9*C9,0) -> 427752 | I9: =H9+I8 -> 852696
A10: 89 | B10: 39850 | C10: 37.57 | D10: 2.48 | E10: 买 | F10: =ROUNDUP(J7*0.003/(1*D10),-2) -> 12100 | H10: =ROUNDUP(F10*C10,0) -> 454597 | I10: =H10+I9 -> 1307293
A11: 90 | B11: 39853 | C11: 37.82 | D11: 2.44 | E11: 买 | F11: =F8*4-F8-F9-F10 -> 11300 | H11: =ROUNDUP(F11*C11,0) -> 427366 | I11: =H11+I10 -> 1734659
A12: 91 | B12: 39854 | C12: 38.03 | D12: 2.39 | E12: 买 | F12: 0 | H12: =ROUNDUP(F12*C12,0) -> 0 | I12: =H12+I11 -> 1734659
A13: 92 | B13: 39869 | C13: 33.25 | E13: 卖 | G13: =SUM(F8:F12) -> 46800 | H13: =ROUNDUP(G13*C13,0) -> 1556100 | J13: =J7+K13 -> 9922934 | L13: =H13-I12 -> -178559
A14: 93 | B14: 39895 | C14: 34.57 | D14: 2.09 | E14: 买 | F14: =ROUNDUP(J13*0.003/(1*D14),-2) -> 14300 | H14: =ROUNDUP(F14*C14,0) -> 494351 | I14: =H14 -> 494351 | N14: 1
A15: 94 | B15: 39898 | C15: 33.7 | D15: 1.97 | E15: 买 | F15: =ROUNDUP(J13*0.003/(1*D15),-2) -> 15200 | H15: =ROUNDUP(F15*C15,0) -> 512240 | I15: =H15+I14 -> 1006591
A16: 95 | B16: 39904 | C16: 37.52 | D16: 2.09 | E16: 买 | F16: =ROUNDUP(J13*0.003/(1*D16),-2) -> 14300 | H16: =ROUNDUP(F16*C16,0) -> 536536 | I16: =H16+I15 -> 1543127
A17: 96 | B17: 39910 | C17: 41 | D17: 2.08 | E17: 买 | F17: =F14*4-F14-F15-F16 -> 13400 | H17: =ROUNDUP(F17*C17,0) -> 549400 | I17: =H17+I16 -> 2092527
A18: 97 | B18: 39916 | C18: 38 | D18: 2.1 | E18: 买 | F18: 0 | H18: =ROUNDUP(F18*C18,0) -> 0 | I18: =H18+I17 -> 2092527
A19: 98 | B19: 39930 | C19: 33.5 | E19: 卖 | G19: =SUM(F14:F18) -> 57200 | H19: =ROUNDUP(G19*C19,0) -> 1916200 | J19: =J13+L19 -> 9746607 | L19: =H19-I18 -> -176327
A20: 99 | B20: 39939 | C20: 36.3 | D20: 2.09 | E20: 买 | F20: =ROUNDUP(J19*0.003/(1*D20),-2) -> 14000 | H20: =ROUNDUP(F20*C20,0) -> 508200 | I20: =H20 -> 508200 | M20: 1
A21: 100 | B21: 39941 | C21: 34.88 | D21: 2 | E21: 买 | F21: =ROUNDUP(J19*0.003/(1*D21),-2) -> 14700 | H21: =ROUNDUP(F21*C21,0) -> 512736 | I21: =H21+I20 -> 1020936
A22: 101 | B22: 39946 | C22: 35.29 | D22: 1.85 | E22: 买 | F22: =ROUNDUP(J19*0.003/(1*D22),-2) -> 15900 | H22: =ROUNDUP(F22*C22,0) -> 561111 | I22: =H22+I21 -> 1582047
A23: 102 | B23: 39958 | C23: 37.33 | E23: 卖 | G23: =SUM(F20:F22) -> 44600 | H23: =ROUNDUP(G23*C23,0) -> 1664918 | J23: =J19+K23 -> 9829478 | K23: =H23-I22 -> 82871
A24: 103 | B24: 39965 | C24: 37.22 | D24: 1.52 | E24: 买 | F24: =ROUNDUP(J23*0.003/(1*D24),-2) -> 19500 | G24: 10转5 | H24: =ROUNDUP(F24*C24,0) -> 725790 | I24: =H24 -> 725790 | M24: 1 | P24: 24.5
A25: 104 | B25: 39967 | C25: 24.5 | D25: 1.87 | E25: 买 | F25: =ROUNDUP(J23*0.003/(1*D25),-2) -> 15800 | H25: =ROUNDUP(F25*C25,0) -> 387100 | I25: =H25+I24 -> 1112890
A26: 105 | B26: 39974 | C26: 22.7 | D26: 1.74 | E26: 买 | F26: =ROUNDUP(J23*0.003/(1*D26),-2) -> 17000 | H26: =ROUNDUP(F26*C26,0) -> 385900 | I26: =H26+I25 -> 1498790
A27: 106 | B27: 39982 | C27: 22.39 | D27: 1.61 | E27: 买 | F27: =ROUNDUP(J23*0.003/(1*D27),-2) -> 18400 | H27: =ROUNDUP(F27*C27,0) -> 411976 | I27: =H27+I26 -> 1910766
A28: 107 | B28: 39986 | C28: 22.09 | D28: 1.57 | E28: 买 | F28: =F24*4-F24-F25-F26-F27 -> 7300 | H28: =ROUNDUP(F28*C28,0) -> 161257 | I28: =H28+I27 -> 2072023
A29: 108 | B29: 40037 | C29: 23.73 | E29: 卖 | G29: =SUM(F24:F28)+F24*0.5 -> 87750 | H29: =ROUNDUP(G29*C29,0) -> 2082308 | J29: =J23+K29 -> 9839763 | K29: =H29-I28 -> 10285
A30: 109 | B30: 40070 | C30: 28.38 | D30: 1.94 | E30: 买 | F30: =ROUNDUP(J29*0.003/(1*D30),-2) -> 15300 | H30: =ROUNDUP(F30*C30,0) -> 434214 | I30: =H30 -> 434214 | N30: 1
A31: 110 | B31: 40079 | C31: 26.16 | E31: 卖 | G31: =F30 -> 15300 | H31: =ROUNDUP(G31*C31,0) -> 400248 | J31: =J29+L31 -> 9805797 | L31: =H31-I30 -> -33966
A32: 111 | B32: 40106 | C32: 32.05 | D32: 1.79 | E32: 买 | F32: =ROUNDUP(J31*0.003/(1*D32),-2) -> 16500 | H32: =ROUNDUP(F32*C32,0) -> 528825 | I32: =H32 -> 528825 | M32: 1
A33: 112 | B33: 40119 | C33: 35.91 | E33: 卖 | G33: =F32 -> 16500 | H33: =ROUNDUP(G33*C33,0) -> 592515 | J33: =J31+K33 -> 9869487 | K33: =H33-I32 -> 63690
A34: 113 | B34: 40121 | C34: 36.44 | D34: 1.77 | E34: 买 | F34: =ROUNDUP(J33*0.003/(1*D34),-2) -> 16800 | H34: =ROUNDUP(F34*C34,0) -> 612192 | I34: =H34 -> 612192 | M34: 1
A35: 114 | B35: 40123 | C35: 36.34 | D35: 1.72 | E35: 买 | F35: =ROUNDUP(J33*0.003/(1*D35),-2) -> 17300 | H35: =ROUNDUP(F35*C35,0) -> 628682 | I35: =H35+I34 -> 1240874
A36: 115 | B36: 40133 | C36: 39.3 | D36: 1.77 | E36: 买 | F36: =ROUNDUP(J33*0.003/(1*D36),-2) -> 16800 | H36: =ROUNDUP(F36*C36,0) -> 660240 | I36: =H36+I35 -> 1901114
A37: 116 | B37: 40136 | C37: 39.01 | D37: 1.72 | E37: 买 | F37: =F34*4-F34-F35-F36 -> 16300 | H37: =ROUNDUP(F37*C37,0) -> 635863 | I37: =H37+I36 -> 2536977
A38: 117 | B38: 40143 | C38: 39.03 | E38: 卖 | G38: =SUM(F34:F37) -> 67200 | H38: =ROUNDUP(G38*C38,0) -> 2622816 | J38: =J33+K38 -> 9955326 | K38: =H38-I37 -> 85839
A39: 118 | B39: 40240 | C39: 59.95 | D39: 3.65 | E39: 买 | F39: =ROUNDUP(J38*0.003/(1*D39),-2) -> 8200 | H39: =ROUNDUP(F39*C39,0) -> 491590 | I39: =H39 -> 491590 | N39: 1
A40: 119 | B40: 40252 | C40: 56.92 | E40: 卖 | G40: =F39 -> 8200 | H40: =ROUNDUP(G40*C40,0) -> 466744 | J40: =J38+L40 -> 9930480 | L40: =H40-I39 -> -24846
A41: 120 | B41: 40266 | C41: 61.52 | D41: 2.56 | E41: 买 | F41: =ROUNDUP(J40*0.003/(1*D41),-2) -> 11700 | H41: =ROUNDUP(F41*C41,0) -> 719784 | I41: =H41 -> 719784 | M41: 1
A42: 121 | B42: 40269 | C42: 65.65 | D42: 2.52 | E42: 买 | F42: =ROUNDUP(J40*0.003/(1*D42),-2) -> 11900 | G42: 10转10 | H42: =ROUNDUP(F42*C42,0) -> 781235 | I42: =H42+I41 -> 1501019
A43: 122 | B43: 40287 | C43: 33.26 | E43: 卖 | G43: =SUM(F41:F42)*2 -> 47200 | H43: =ROUNDUP(G43*C43,0) -> 1569872 | J43: =J40+K43 -> 9999333 | K43: =H43-I42 -> 68853
A44: 123 | B44: 40385 | C44: 28.02 | D44: 1.28 | E44: 买 | F44: =ROUNDUP(J43*0.003/(1*D44),-2) -> 23500 | H44: =ROUNDUP(F44*C44,0) -> 658470 | I44: =H44 -> 658470 | M44: 1
A45: 124 | B45: 40387 | C45: 28.1 | D45: 1.18 | E45: 买 | F45: =ROUNDUP(J43*0.003/(1*D45),-2) -> 25500 | H45: =ROUNDUP(F45*C45,0) -> 716550 | I45: =H45+I44 -> 1375020
A46: 125 | B46: 40392 | C46: 29.1 | D46: 1.2 | E46: 买 | F46: =ROUNDUP(J43*0.003/(1*D46),-2) -> 25000 | H46: =ROUNDUP(F46*C46,0) -> 727500 | I46: =H46+I45 -> 2102520
A47: 126 | B47: 40402 | C47: 31.63 | E47: 卖 | G47: =SUM(F44:F46) -> 74000 | H47: =ROUNDUP(G47*C47,0) -> 2340620 | J47: =J43+K47 -> 10237433 | K47: =H47-I46 -> 238100
A48: 127 | B48: 40409 | C48: 32.31 | D48: 1.35 | E48: 买 | F48: =ROUNDUP(J47*0.003/(1*D48),-2) -> 22800 | H48: =ROUNDUP(F48*C48,0) -> 736668 | I48: =H48 -> 736668 | N48: 1
A49: 128 | B49: 40415 | C49: 31.17 | E49: 卖 | G49: =F48 -> 22800 | H49: =ROUNDUP(G49*C49,0) -> 710676 | J49: =J47+L49 -> 10211441 | L49: =H49-I48 -> -25992
A50: 129 | B50: 40459 | C50: 29.98 | D50: 1.12 | E50: 买 | F50: =ROUNDUP(J49*0.003/(1*D50),-2) -> 27400 | H50: =ROUNDUP(F50*C50,0) -> 821452 | I50: =H50 -> 821452 | M50: 1
A51: 130 | B51: 40462 | C51: 30.09 | D51: 1.12 | E51: 买 | F51: =ROUNDUP(J49*0.003/(1*D51),-2) -> 27400 | H51: =ROUNDUP(F51*C51,0) -> 824466 | I51: =H51+I50 -> 1645918
A52: 131 | B52: 40463 | C52: 30.23 | D52: 1.09 | E52: 买 | F52: =ROUNDUP(J49*0.003/(1*D52),-2) -> 28200 | H52: =ROUNDUP(F52*C52,0) -> 852486 | I52: =H52+I51 -> 2498404
A53: 132 | B53: 40465 | C53: 31.79 | D53: 1.15 | E53: 买 | F53: =F50*4-F50-F51-F52 -> 26600 | H53: =ROUNDUP(F53*C53,0) -> 845614 | I53: =H53+I52 -> 3344018
A54: 133 | B54: 40497 | C54: 30.55 | E54: 卖 | G54: =SUM(F50:F53) -> 109600 | H54: =ROUNDUP(G54*C54,0) -> 3348280 | J54: =J49+K54 -> 10215703 | K54: =H54-I53 -> 4262
A55: 134 | B55: 40588 | C55: 38.13 | D55: 1.58 | E55: 买 | F55: =ROUNDUP(J54*0.003/(1*D55),-2) -> 19400 | H55: =ROUNDUP(F55*C55,0) -> 739722 | I55: =H55 -> 739722 | M55: 1
A56: 135 | B56: 40590 | C56: 38.05 | D56: 1.54 | E56: 买 | F56: =ROUNDUP(J54*0.003/(1*D56),-2) -> 20000 | H56: =ROUNDUP(F56*C56,0) -> 761000 | I56: =H56+I55 -> 1500722
A57: 136 | B57: 40609 | C57: 37.66 | D57: 1.3 | E57: 买 | F57: =ROUNDUP(J54*0.003/(1*D57),-2) -> 23600 | H57: =ROUNDUP(F57*C57,0) -> 888776 | I57: =H57+I56 -> 2389498
A58: 137 | B58: 40617 | C58: 37.96 | E58: 卖 | G58: =SUM(F55:F57) -> 63000 | H58: =ROUNDUP(G58*C58,0) -> 2391480 | J58: =J54+K58 -> 10217685 | K58: =H58-I57 -> 1982
A59: 138 | B59: 40641 | C59: 36.38 | D59: 1.02 | E59: 买 | F59: =ROUNDUP(J58*0.003/(1*D59),-2) -> 30100 | H59: =ROUNDUP(F59*C59,0) -> 1095038 | I59: =H59 -> 1095038 | N59: 1
A60: 139 | B60: 40646 | C60: 35.35 | D60: 0.99 | E60: 买 | F60: =ROUNDUP(J58*0.003/(1*D60),-2) -> 31000 | H60: =ROUNDUP(F60*C60,0) -> 1095850 | I60: =H60+I59 -> 2190888
A61: 140 | B61: 40658 | C61: 35.43 | E61: 卖 | G61: =SUM(F59:F60) -> 61100 | H61: =ROUNDUP(G61*C61,0) -> 2164773 | J61: =J58+L61 -> 10191570 | L61: =H61-I60 -> -26115
A62: 141 | B62: 40728 | C62: 16.98 | D62: 1.45 | E62: 买 | F62: =ROUNDUP(J61*0.003/(1*D62),-2) -> 21100 | H62: =ROUNDUP(F62*C62,0) -> 358278 | I62: =H62 -> 358278 | N62: 1
A63: 142 | B63: 40749 | C63: 15.56 | E63: 卖 | G63: =F62 -> 21100 | H63: =ROUNDUP(G63*C63,0) -> 328316 | J63: =J61+L63 -> 10161608 | L63: =H63-I62 -> -29962
A64: 143 | B64: 40844 | C64: 11.93 | D64: 0.54 | E64: 买 | F64: =ROUNDUP(J63*0.003/(1*D64),-2) -> 56500 | H64: =ROUNDUP(F64*C64,0) -> 674045 | I64: =H64 -> 674045 | M64: 1
A65: 144 | B65: 40849 | C65: 13.72 | D65: 0.62 | E65: 买 | F65: =ROUNDUP(J63*0.003/(1*D65),-2) -> 49200 | H65: =ROUNDUP(F65*C65,0) -> 675024 | I65: =H65+I64 -> 1349069
A66: 145 | B66: 40851 | C66: 13.21 | D66: 0.63 | E66: 买 | F66: =ROUNDUP(J63*0.003/(1*D66),-2) -> 48400 | H66: =ROUNDUP(F66*C66,0) -> 639364 | I66: =H66+I65 -> 1988433
A67: 146 | B67: 40865 | C67: 13.62 | E67: 卖 | G67: =SUM(F64:F66) -> 154100 | H67: =ROUNDUP(G67*C67,0) -> 2098842 | J67: =J63+K67 -> 10272017 | K67: =H67-I66 -> 110409
A68: 147 | B68: 40925 | C68: 12.4 | D68: 0.73 | E68: 买 | F68: =ROUNDUP(J67*0.003/(1*D68),-2) -> 42300 | H68: =ROUNDUP(F68*C68,0) -> 524520 | I68: =H68 -> 524520 | M68: 1
A69: 148 | B69: 40942 | C69: 11.56 | D69: 0.65 | E69: 买 | F69: =ROUNDUP(J67*0.003/(1*D69),-2) -> 47500 | H69: =ROUNDUP(F69*C69,0) -> 549100 | I69: =H69+I68 -> 1073620
A70: 149 | B70: 40949 | C70: 11.97 | D70: 0.55 | E70: 买 | F70: =ROUNDUP(J67*0.003/(1*D70),-2) -> 56100 | H70: =ROUNDUP(F70*C70,0) -> 671517 | I70: =H70+I69 -> 1745137
A71: 150 | B71: 40960 | C71: 12.16 | D71: 0.49 | E71: 买 | F71: =F68*4-F68-F69-F70 -> 23300 | H71: =ROUNDUP(F71*C71,0) -> 283328 | I71: =H71+I70 -> 2028465
A72: 151 | B72: 40961 | C72: 12.46 | D72: 0.47 | E72: 买 | F72: 0
A73: 152 | B73: 40969 | C73: 12.13 | D73: 0.41 | E73: 买 | F73: 0
A74: 153 | B74: 40982 | C74: 12.52 | E74: 卖 | G74: =SUM(F68:F73) -> 169200 | H74: =ROUNDUP(G74*C74,0) -> 2118384 | J74: =J67+K74 -> 10361936 | K74: =H74-I71 -> 89919
A75: 154 | B75: 41031 | C75: 11.73 | D75: 0.46 | E75: 买 | F75: =ROUNDUP(J74*0.003/(1*D75),-2) -> 67600 | H75: =ROUNDUP(F75*C75,0) -> 792948 | I75: =H75 -> 792948 | M75: 1
A76: 155 | B76: 41043 | C76: 12.01 | E76: 卖 | G76: =F75 -> 67600 | H76: =ROUNDUP(G76*C76,0) -> 811876 | J76: =J74+K76 -> 10380864 | K76: =H76-I75 -> 18928
A77: 156 | B77: 41253 | C77: 14.87 | D77: 0.49 | E77: 买 | F77: =ROUNDUP(J76*0.003/(1*D77),-2) -> 63600 | H77: =ROUNDUP(F77*C77,0) -> 945732 | I77: =H77 -> 945732 | M77: 1
A78: 157 | B78: 41257 | C78: 14.94 | D78: 0.49 | E78: 买 | F78: =ROUNDUP(J76*0.003/(1*D78),-2) -> 63600 | H78: =ROUNDUP(F78*C78,0) -> 950184 | I78: =H78+I77 -> 1895916
A79: 158 | B79: 41263 | C79: 14.52 | D79: 0.49 | E79: 买 | F79: =ROUNDUP(J76*0.003/(1*D79),-2) -> 63600 | H79: =ROUNDUP(F79*C79,0) -> 923472 | I79: =H79+I78 -> 2819388
A80: 159 | B80: 41268 | C80: 15.15 | D80: 0.49 | E80: 买 | F80: =ROUNDUP(J76*0.003/(1*D80),-2) -> 63600 | H80: =ROUNDUP(F80*C80,0) -> 963540 | I80: =H80+I79 -> 3782928
A81: 160 | B81: 41326 | C81: 15.36 | E81: 卖 | G81: =SUM(F77:F80) -> 254400 | H81: =ROUNDUP(G81*C81,0) -> 3907584 | J81: =J76+K81 -> 10505520 | K81: =H81-I80 -> 124656
A82: 161 | B82: 41411 | C82: 18.15 | D82: 0.59 | E82: 买 | F82: =ROUNDUP(J81*0.003/(1*D82),-2) -> 53500 | H82: =ROUNDUP(F82*C82,0) -> 971025 | I82: =H82 -> 971025
A83: 162 | B83: 41414 | C83: 18.27 | D83: 0.58 | E83: 买 | F83: =ROUNDUP(J81*0.003/(1*D83),-2) -> 54400 | H83: =ROUNDUP(F83*C83,0) -> 993888 | I83: =H83+I82 -> 1964913 | M83: 1
A84: 163 | B84: 41422 | C84: 18.45 | D84: 0.66 | E84: 买 | F84: =ROUNDUP(J81*0.003/(1*D84),-2) -> 47800 | H84: =ROUNDUP(F84*C84,0) -> 881910 | I84: =H84+I83 -> 2846823
A85: 164 | B85: 41429 | C85: 19.36 | E85: 卖 | G85: =SUM(F82:F84) -> 155700 | H85: =ROUNDUP(G85*C85,0) -> 3014352 | J85: =J81+K85 -> 10673049 | K85: =H85-I84 -> 167529
A86: 165 | B86: 41498 | C86: 23.76 | D86: 1.1 | E86: 买 | F86: =ROUNDUP(J85*0.003/(1*D86),-2) -> 29200 | H86: =ROUNDUP(F86*C86,0) -> 693792 | I86: =H86 -> 693792 | M86: 1
A87: 166 | B87: 41509 | C87: 25.48 | E87: 卖 | G87: =F86 -> 29200 | H87: =ROUNDUP(G87*C87,0) -> 744016 | J87: =J85+K87 -> 10723273 | K87: =H87-I86 -> 50224
A88: 167 | B88: 41526 | C88: 24.86 | D88: 1.13 | E88: 买 | F88: =ROUNDUP(J87*0.003/(1*D88),-2) -> 28500 | H88: =ROUNDUP(F88*C88,0) -> 708510 | I88: =H88 -> 708510 | N88: 1
A89: 168 | B89: 41527 | C89: 25.15 | D89: 1.12 | E89: 买 | F89: =ROUNDUP(J87*0.003/(1*D89),-2) -> 28800 | H89: =ROUNDUP(F89*C89,0) -> 724320 | I89: =H89+I88 -> 1432830
A90: 169 | B90: 41529 | C90: 25 | D90: 1.08 | E90: 买 | F90: =ROUNDUP(J87*0.003/(1*D90),-2) -> 29800 | H90: =ROUNDUP(F90*C90,0) -> 745000 | I90: =H90+I89 -> 2177830
A91: 170 | B91: 41534 | C91: 24.3 | E91: 卖 | G91: =SUM(F88:F90) -> 87100 | H91: =ROUNDUP(G91*C91,0) -> 2116530 | J91: =J87+L91 -> 10661973 | L91: =H91-I90 -> -61300
A92: 171 | B92: 41606 | C92: 29.39 | D92: 1.18 | E92: 买 | F92: =ROUNDUP(J91*0.003/(1*D92),-2) -> 27200 | H92: =ROUNDUP(F92*C92,0) -> 799408 | I92: =H92 -> 799408 | N92: 1
A93: 172 | B93: 41612 | C93: 28.02 | D93: 1.13 | E93: 买 | F93: =ROUNDUP(J91*0.003/(1*D93),-2) -> 28400 | H93: =ROUNDUP(F93*C93,0) -> 795768 | I93: =H93+I92 -> 1595176
A94: 173 | B94: 41624 | C94: 26.1 | E94: 卖 | G94: =SUM(F92:F93) -> 55600 | H94: =ROUNDUP(G94*C94,0) -> 1451160 | J94: =J91+L94 -> 10517957 | L94: =H94-I93 -> -144016
A95: 174 | B95: 41680 | C95: 25.1 | D95: 1.08 | E95: 买 | F95: =ROUNDUP(J94*0.003/(1*D95),-2) -> 29300 | H95: =ROUNDUP(F95*C95,0) -> 735430 | I95: =H95 -> 735430 | N95: 1
A96: 175 | B96: 41681 | C96: 25.04 | D96: 1.08 | E96: 买 | F96: =ROUNDUP(J94*0.003/(1*D96),-2) -> 29300 | H96: =ROUNDUP(F96*C96,0) -> 733672 | I96: =H96+I95 -> 1469102
A97: 176 | B97: 41687 | C97: 26.09 | D97: 1.06 | E97: 买 | F97: =ROUNDUP(J94*0.003/(1*D97),-2) -> 29800 | H97: =ROUNDUP(F97*C97,0) -> 777482 | I97: =H97+I96 -> 2246584
A98: 177 | B98: 41694 | C98: 23.34 | E98: 卖 | G98: =SUM(F95:F97) -> 88400 | H98: =ROUNDUP(G98*C98,0) -> 2063256 | J98: =J94+L98 -> 10334629 | L98: =H98-I97 -> -183328
A99: 178 | B99: 41737 | C99: 24.18 | D99: 0.97 | E99: 买 | F99: =ROUNDUP(J98*0.003/(1*D99),-2) -> 32000 | H99: =ROUNDUP(F99*C99,0) -> 773760 | I99: =H99 -> 773760 | N99: 1
A100: 179 | B100: 41739 | C100: 24.02 | D100: 0.98 | E100: 买 | F100: =ROUNDUP(J98*0.003/(1*D100),-2) -> 31700 | H100: =ROUNDUP(F100*C100,0) -> 761434 | I100: =H100+I99 -> 1535194
...

Sheet 002271东方雨虹100W
A1: 序号 | B1: 时间 | C1: 价格 | D1: ATR | F1: 股数 | H1: 成交金额 | I1: 市值 | J1: 帐户权益 | K1: 盈亏金额 | M1: 交易次数
F2: 买 | G2: 卖 | K2: 盈 | L2: 亏 | M2: 盈 | N2: 亏
A3: 0 | J3: 1000000
A4: 83 | B4: 39769 | C4: 20.26 | D4: 0.88 | E4: 买 | F4: =ROUNDUP(J3*0.003/(1*D4),-2) -> 3500 | H4: =ROUNDUP(F4*C4,0) -> 70910 | I4: =H4 -> 70910 | N4: 1
A5: 84 | B5: 39780 | C5: 18 | E5: 卖 | G5: =F4 -> 3500 | H5: =ROUNDUP(G5*C5,0) -> 63000 | J5: =J3+L5 -> 992090 | L5: =H5-I4 -> -7910
A6: 85 | B6: 39790 | C6: 26.01 | D6: 1.54 | E6: 买 | F6: =ROUNDUP(J5*0.003/(1*D6),-2) -> 2000 | H6: =ROUNDUP(F6*C6,0) -> 52020 | I6: =H6 -> 52020 | M6: 1
A7: 86 | B7: 39805 | C7: 26.09 | E7: 卖 | G7: =F6 -> 2000 | H7: =ROUNDUP(G7*C7,0) -> 52180 | J7: =J5+L7 -> 992090 | K7: =H7-I6 -> 160
A8: 87 | B8: 39847 | C8: 36.32 | D8: 2.55 | E8: 买 | F8: =ROUNDUP(J7*0.003/(1*D8),-2) -> 1200 | H8: =ROUNDUP(F8*C8,0) -> 43584 | I8: =H8 -> 43584 | N8: 1
A9: 88 | B9: 39848 | C9: 36.56 | D9: 2.56 | E9: 买 | F9: =ROUNDUP(J7*0.003/(1*D9),-2) -> 1200 | H9: =ROUNDUP(F9*C9,0) -> 43872 | I9: =H9+I8 -> 87456
A10: 89 | B10: 39850 | C10: 37.57 | D10: 2.48 | E10: 买 | F10: =ROUNDUP(J7*0.003/(1*D10),-2) -> 1300 | H10: =ROUNDUP(F10*C10,0) -> 48841 | I10: =H10+I9 -> 136297
A11: 90 | B11: 39853 | C11: 37.82 | D11: 2.44 | E11: 买 | F11: =F8*4-F8-F9-F10 -> 1100 | H11: =ROUNDUP(F11*C11,0) -> 41602 | I11: =H11+I10 -> 177899
A12: 91 | B12: 39854 | C12: 38.03 | D12: 2.39 | E12: 买 | F12: 0 | H12: =ROUNDUP(F12*C12,0) -> 0 | I12: =H12+I11 -> 177899
A13: 92 | B13: 39869 | C13: 33.25 | E13: 卖 | G13: =SUM(F8:F12) -> 4800 | H13: =ROUNDUP(G13*C13,0) -> 159600 | J13: =J7+K13 -> 992090 | L13: =H13-I12 -> -18299
A14: 93 | B14: 39895 | C14: 34.57 | D14: 2.09 | E14: 买 | F14: =ROUNDUP(J13*0.003/(1*D14),-2) -> 1500 | H14: =ROUNDUP(F14*C14,0) -> 51855 | I14: =H14 -> 51855 | N14: 1
A15: 94 | B15: 39898 | C15: 33.7 | D15: 1.97 | E15: 买 | F15: =ROUNDUP(J13*0.003/(1*D15),-2) -> 1600 | H15: =ROUNDUP(F15*C15,0) -> 53920 | I15: =H15+I14 -> 105775
A16: 95 | B16: 39904 | C16: 37.52 | D16: 2.09 | E16: 买 | F16: =ROUNDUP(J13*0.003/(1*D16),-2) -> 1500 | H16: =ROUNDUP(F16*C16,0) -> 56280 | I16: =H16+I15 -> 162055
A17: 96 | B17: 39910 | C17: 41 | D17: 2.08 | E17: 买 | F17: =F14*4-F14-F15-F16 -> 1400 | H17: =ROUNDUP(F17*C17,0) -> 57400 | I17: =H17+I16 -> 219455
A18: 97 | B18: 39916 | C18: 38 | D18: 2.1 | E18: 买 | F18: 0 | H18: =ROUNDUP(F18*C18,0) -> 0 | I18: =H18+I17 -> 219455
A19: 98 | B19: 39930 | C19: 33.5 | E19: 卖 | G19: =SUM(F14:F18) -> 6000 | H19: =ROUNDUP(G19*C19,0) -> 201000 | J19: =J13+L19 -> 973635 | L19: =H19-I18 -> -18455
A20: 99 | B20: 39939 | C20: 36.3 | D20: 2.09 | E20: 买 | F20: =ROUNDUP(J19*0.003/(1*D20),-2) -> 1400 | H20: =ROUNDUP(F20*C20,0) -> 50820 | I20: =H20 -> 50820 | M20: 1
A21: 100 | B21: 39941 | C21: 34.88 | D21: 2 | E21: 买 | F21: =ROUNDUP(J19*0.003/(1*D21),-2) -> 1500 | H21: =ROUNDUP(F21*C21,0) -> 52320 | I21: =H21+I20 -> 103140
A22: 101 | B22: 39946 | C22: 35.29 | D22: 1.85 | E22: 买 | F22: =ROUNDUP(J19*0.003/(1*D22),-2) -> 1600 | H22: =ROUNDUP(F22*C22,0) -> 56464 | I22: =H22+I21 -> 159604
A23: 102 | B23: 39958 | C23: 37.33 | E23: 卖 | G23: =SUM(F20:F22) -> 4500 | H23: =ROUNDUP(G23*C23,0) -> 167985 | J23: =J19+K23 -> 982016 | K23: =H23-I22 -> 8381
A24: 103 | B24: 39965 | C24: 37.22 | D24: 1.52 | E24: 买 | F24: =ROUNDUP(J23*0.003/(1*D24),-2) -> 2000 | G24: 10转5 | H24: =ROUNDUP(F24*C24,0) -> 74440 | I24: =H24 -> 74440 | M24: 1 | P24: 24.5
A25: 104 | B25: 39967 | C25: 24.5 | D25: 1.87 | E25: 买 | F25: =ROUNDUP(J23*0.003/(1*D25),-2) -> 1600 | H25: =ROUNDUP(F25*C25,0) -> 39200 | I25: =H25+I24 -> 113640
A26: 105 | B26: 39974 | C26: 22.7 | D26: 1.74 | E26: 买 | F26: =ROUNDUP(J23*0.003/(1*D26),-2) -> 1700 | H26: =ROUNDUP(F26*C26,0) -> 38590 | I26: =H26+I25 -> 152230
A27: 106 | B27: 39982 | C27: 22.39 | D27: 1.61 | E27: 买 | F27: =ROUNDUP(J23*0.003/(1*D27),-2) -> 1900 | H27: =ROUNDUP(F27*C27,0) -> 42541 | I27: =H27+I26 -> 194771
A28: 107 | B28: 39986 | C28: 22.09 | D28: 1.57 | E28: 买 | F28: =F24*4-F24-F25-F26-F27 -> 800 | H28: =ROUNDUP(F28*C28,0) -> 17672 | I28: =H28+I27 -> 212443
A29: 108 | B29: 40037 | C29: 23.73 | E29: 卖 | G29: =SUM(F24:F28)+F24*0.5 -> 9000 | H29: =ROUNDUP(G29*C29,0) -> 213570 | J29: =J23+K29 -> 983143 | K29: =H29-I28 -> 1127
A30: 109 | B30: 40070 | C30: 28.38 | D30: 1.94 | E30: 买 | F30: =ROUNDUP(J29*0.003/(1*D30),-2) -> 1600 | H30: =ROUNDUP(F30*C30,0) -> 45408 | I30: =H30 -> 45408 | N30: 1
A31: 110 | B31: 40079 | C31: 26.16 | E31: 卖 | G31: =F30 -> 1600 | H31: =ROUNDUP(G31*C31,0) -> 41856 | J31: =J29+L31 -> 979591 | L31: =H31-I30 -> -3552
A32: 111 | B32: 40106 | C32: 32.05 | D32: 1.79 | E32: 买 | F32: =ROUNDUP(J31*0.003/(1*D32),-2) -> 1700 | H32: =ROUNDUP(F32*C32,0) -> 54485 | I32: =H32 -> 54485 | M32: 1
A33: 112 | B33: 40119 | C33: 35.91 | E33: 卖 | G33: =F32 -> 1700 | H33: =ROUNDUP(G33*C33,0) -> 61047 | J33: =J31+K33 -> 986153 | K33: =H33-I32 -> 6562
A34: 113 | B34: 40121 | C34: 36.44 | D34: 1.77 | E34: 买 | F34: =ROUNDUP(J33*0.003/(1*D34),-2) -> 1700 | H34: =ROUNDUP(F34*C34,0) -> 61948 | I34: =H34 -> 61948 | M34: 1
A35: 114 | B35: 40123 | C35: 36.34 | D35: 1.72 | E35: 买 | F35: =ROUNDUP(J33*0.003/(1*D35),-2) -> 1800 | H35: =ROUNDUP(F35*C35,0) -> 65412 | I35: =H35+I34 -> 127360
A36: 115 | B36: 40133 | C36: 39.3 | D36: 1.77 | E36: 买 | F36: =ROUNDUP(J33*0.003/(1*D36),-2) -> 1700 | H36: =ROUNDUP(F36*C36,0) -> 66810 | I36: =H36+I35 -> 194170
A37: 116 | B37: 40136 | C37: 39.01 | D37: 1.72 | E37: 买 | F37: =F34*4-F34-F35-F36 -> 1600 | H37: =ROUNDUP(F37*C37,0) -> 62416 | I37: =H37+I36 -> 256586
A38: 117 | B38: 40143 | C38: 39.03 | E38: 卖 | G38: =SUM(F34:F37) -> 6800 | H38: =ROUNDUP(G38*C38,0) -> 265404 | J38: =J33+K38 -> 994971 | K38: =H38-I37 -> 8818
A39: 118 | B39: 40240 | C39: 59.95 | D39: 3.65 | E39: 买 | F39: =ROUNDUP(J38*0.003/(1*D39),-2) -> 900 | H39: =ROUNDUP(F39*C39,0) -> 53955 | I39: =H39 -> 53955 | N39: 1
A40: 119 | B40: 40252 | C40: 56.92 | E40: 卖 | G40: =F39 -> 900 | H40: =ROUNDUP(G40*C40,0) -> 51228 | J40: =J38+L40 -> 992244 | L40: =H40-I39 -> -2727
A41: 120 | B41: 40266 | C41: 61.52 | D41: 2.56 | E41: 买 | F41: =ROUNDUP(J40*0.003/(1*D41),-2) -> 1200 | H41: =ROUNDUP(F41*C41,0) -> 73824 | I41: =H41 -> 73824 | M41: 1
A42: 121 | B42: 40269 | C42: 65.65 | D42: 2.52 | E42: 买 | F42: =ROUNDUP(J40*0.003/(1*D42),-2) -> 1200 | G42: 10转10 | H42: =ROUNDUP(F42*C42,0) -> 78780 | I42: =H42+I41 -> 152604
A43: 122 | B43: 40287 | C43: 33.26 | E43: 卖 | G43: =SUM(F41:F42)*2 -> 4800 | H43: =ROUNDUP(G43*C43,0) -> 159648 | J43: =J40+K43 -> 999288 | K43: =H43-I42 -> 7044
A44: 123 | B44: 40385 | C44: 28.02 | D44: 1.28 | E44: 买 | F44: =ROUNDUP(J43*0.003/(1*D44),-2) -> 2400 | H44: =ROUNDUP(F44*C44,0) -> 67248 | I44: =H44 -> 67248 | M44: 1
A45: 124 | B45: 40387 | C45: 28.1 | D45: 1.18 | E45: 买 | F45: =ROUNDUP(J43*0.003/(1*D45),-2) -> 2600 | H45: =ROUNDUP(F45*C45,0) -> 73060 | I45: =H45+I44 -> 140308
A46: 125 | B46: 40392 | C46: 29.1 | D46: 1.2 | E46: 买 | F46: =ROUNDUP(J43*0.003/(1*D46),-2) -> 2500 | H46: =ROUNDUP(F46*C46,0) -> 72750 | I46: =H46+I45 -> 213058
A47: 126 | B47: 40402 | C47: 31.63 | E47: 卖 | G47: =SUM(F44:F46) -> 7500 | H47: =ROUNDUP(G47*C47,0) -> 237225 | J47: =J43+K47 -> 1023455 | K47: =H47-I46 -> 24167
A48: 127 | B48: 40409 | C48: 32.31 | D48: 1.35 | E48: 买 | F48: =ROUNDUP(J47*0.003/(1*D48),-2) -> 2300 | H48: =ROUNDUP(F48*C48,0) -> 74313 | I48: =H48 -> 74313 | N48: 1
A49: 128 | B49: 40415 | C49: 31.17 | E49: 卖 | G49: =F48 -> 2300 | H49: =ROUNDUP(G49*C49,0) -> 71691 | J49: =J47+L49 -> 1020833 | L49: =H49-I48 -> -2622
A50: 129 | B50: 40459 | C50: 29.98 | D50: 1.12 | E50: 买 | F50: =ROUNDUP(J49*0.003/(1*D50),-2) -> 2800 | H50: =ROUNDUP(F50*C50,0) -> 83944 | I50: =H50 -> 83944 | M50: 1
A51: 130 | B51: 40462 | C51: 30.09 | D51: 1.12 | E51: 买 | F51: =ROUNDUP(J49*0.003/(1*D51),-2) -> 2800 | H51: =ROUNDUP(F51*C51,0) -> 84252 | I51: =H51+I50 -> 168196
A52: 131 | B52: 40463 | C52: 30.23 | D52: 1.09 | E52: 买 | F52: =ROUNDUP(J49*0.003/(1*D52),-2) -> 2900 | H52: =ROUNDUP(F52*C52,0) -> 87667 | I52: =H52+I51 -> 255863
A53: 132 | B53: 40465 | C53: 31.79 | D53: 1.15 | E53: 买 | F53: =F50*4-F50-F51-F52 -> 2700 | H53: =ROUNDUP(F53*C53,0) -> 85833 | I53: =H53+I52 -> 341696
A54: 133 | B54: 40497 | C54: 30.55 | E54: 卖 | G54: =SUM(F50:F53) -> 11200 | H54: =ROUNDUP(G54*C54,0) -> 342160 | J54: =J49+K54 -> 1021297 | K54: =H54-I53 -> 464
A55: 134 | B55: 40588 | C55: 38.13 | D55: 1.58 | E55: 买 | F55: =ROUNDUP(J54*0.003/(1*D55),-2) -> 2000 | H55: =ROUNDUP(F55*C55,0) -> 76260 | I55: =H55 -> 76260 | M55: 1
A56: 135 | B56: 40590 | C56: 38.05 | D56: 1.54 | E56: 买 | F56: =ROUNDUP(J54*0.003/(1*D56),-2) -> 2000 | H56: =ROUNDUP(F56*C56,0) -> 76100 | I56: =H56+I55 -> 152360
A57: 136 | B57: 40609 | C57: 37.66 | D57: 1.3 | E57: 买 | F57: =ROUNDUP(J54*0.003/(1*D57),-2) -> 2400 | H57: =ROUNDUP(F57*C57,0) -> 90384 | I57: =H57+I56 -> 242744
A58: 137 | B58: 40617 | C58: 37.96 | E58: 卖 | G58: =SUM(F55:F57) -> 6400 | H58: =ROUNDUP(G58*C58,0) -> 242944 | J58: =J54+K58 -> 1021497 | K58: =H58-I57 -> 200
A59: 138 | B59: 40641 | C59: 36.38 | D59: 1.02 | E59: 买 | F59: =ROUNDUP(J58*0.003/(1*D59),-2) -> 3100 | H59: =ROUNDUP(F59*C59,0) -> 112778 | I59: =H59 -> 112778 | N59: 1
A60: 139 | B60: 40646 | C60: 35.35 | D60: 0.99 | E60: 买 | F60: =ROUNDUP(J58*0.003/(1*D60),-2) -> 3100 | H60: =ROUNDUP(F60*C60,0) -> 109585 | I60: =H60+I59 -> 222363
A61: 140 | B61: 40658 | C61: 35.43 | E61: 卖 | G61: =SUM(F59:F60) -> 6200 | H61: =ROUNDUP(G61*C61,0) -> 219666 | J61: =J58+L61 -> 1018800 | L61: =H61-I60 -> -2697
A62: 141 | B62: 40728 | C62: 16.98 | D62: 1.45 | E62: 买 | F62: =ROUNDUP(J61*0.003/(1*D62),-2) -> 2200 | H62: =ROUNDUP(F62*C62,0) -> 37356 | I62: =H62 -> 37356 | N62: 1
A63: 142 | B63: 40749 | C63: 15.56 | E63: 卖 | G63: =F62 -> 2200 | H63: =ROUNDUP(G63*C63,0) -> 34232 | J63: =J61+L63 -> 1015676 | L63: =H63-I62 -> -3124
A64: 143 | B64: 40844 | C64: 11.93 | D64: 0.54 | E64: 买 | F64: =ROUNDUP(J63*0.003/(1*D64),-2) -> 5700 | H64: =ROUNDUP(F64*C64,0) -> 68001 | I64: =H64 -> 68001 | M64: 1
A65: 144 | B65: 40849 | C65: 13.72 | D65: 0.62 | E65: 买 | F65: =ROUNDUP(J63*0.003/(1*D65),-2) -> 5000 | H65: =ROUNDUP(F65*C65,0) -> 68600 | I65: =H65+I64 -> 136601
A66: 145 | B66: 40851 | C66: 13.21 | D66: 0.63 | E66: 买 | F66: =ROUNDUP(J63*0.003/(1*D66),-2) -> 4900 | H66: =ROUNDUP(F66*C66,0) -> 64729 | I66: =H66+I65 -> 201330
A67: 146 | B67: 40865 | C67: 13.62 | E67: 卖 | G67: =SUM(F64:F66) -> 15600 | H67: =ROUNDUP(G67*C67,0) -> 212472 | J67: =J63+K67 -> 1026818 | K67: =H67-I66 -> 11142
A68: 147 | B68: 40925 | C68: 12.4 | D68: 0.73 | E68: 买 | F68: =ROUNDUP(J67*0.003/(1*D68),-2) -> 4300 | H68: =ROUNDUP(F68*C68,0) -> 53320 | I68: =H68 -> 53320 | M68: 1
A69: 148 | B69: 40942 | C69: 11.56 | D69: 0.65 | E69: 买 | F69: =ROUNDUP(J67*0.003/(1*D69),-2) -> 4800 | H69: =ROUNDUP(F69*C69,0) -> 55488 | I69: =H69+I68 -> 108808
A70: 149 | B70: 40949 | C70: 11.97 | D70: 0.55 | E70: 买 | F70: =ROUNDUP(J67*0.003/(1*D70),-2) -> 5700 | H70: =ROUNDUP(F70*C70,0) -> 68229 | I70: =H70+I69 -> 177037
A71: 150 | B71: 40960 | C71: 12.16 | D71: 0.49 | E71: 买 | F71: =F68*4-F68-F69-F70 -> 2400 | H71: =ROUNDUP(F71*C71,0) -> 29184 | I71: =H71+I70 -> 206221
A72: 151 | B72: 40961 | C72: 12.46 | D72: 0.47 | E72: 买 | F72: 0
A73: 152 | B73: 40969 | C73: 12.13 | D73: 0.41 | E73: 买 | F73: 0
A74: 153 | B74: 40982 | C74: 12.52 | E74: 卖 | G74: =SUM(F68:F73) -> 17200 | H74: =ROUNDUP(G74*C74,0) -> 215344 | J74: =J67+K74 -> 1035941 | K74: =H74-I71 -> 9123
A75: 154 | B75: 41031 | C75: 11.73 | D75: 0.46 | E75: 买 | F75: =ROUNDUP(J74*0.003/(1*D75),-2) -> 6800 | H75: =ROUNDUP(F75*C75,0) -> 79764 | I75: =H75 -> 79764 | M75: 1
A76: 155 | B76: 41043 | C76: 12.01 | E76: 卖 | G76: =F75 -> 6800 | H76: =ROUNDUP(G76*C76,0) -> 81668 | J76: =J74+K76 -> 1037845 | K76: =H76-I75 -> 1904
A77: 156 | B77: 41253 | C77: 14.87 | D77: 0.49 | E77: 买 | F77: =ROUNDUP(J76*0.003/(1*D77),-2) -> 6400 | H77: =ROUNDUP(F77*C77,0) -> 95168 | I77: =H77 -> 95168 | M77: 1
A78: 157 | B78: 41257 | C78: 14.94 | D78: 0.49 | E78: 买 | F78: =ROUNDUP(J76*0.003/(1*D78),-2) -> 6400 | H78: =ROUNDUP(F78*C78,0) -> 95616 | I78: =H78+I77 -> 190784
A79: 158 | B79: 41263 | C79: 14.52 | D79: 0.49 | E79: 买 | F79: =ROUNDUP(J76*0.003/(1*D79),-2) -> 6400 | H79: =ROUNDUP(F79*C79,0) -> 92928 | I79: =H79+I78 -> 283712
A80: 159 | B80: 41268 | C80: 15.15 | D80: 0.49 | E80: 买 | F80: =ROUNDUP(J76*0.003/(1*D80),-2) -> 6400 | H80: =ROUNDUP(F80*C80,0) -> 96960 | I80: =H80+I79 -> 380672
A81: 160 | B81: 41326 | C81: 15.36 | E81: 卖 | G81: =SUM(F77:F80) -> 25600 | H81: =ROUNDUP(G81*C81,0) -> 393216 | J81: =J76+K81 -> 1050389 | K81: =H81-I80 -> 12544
A82: 161 | B82: 41411 | C82: 18.15 | D82: 0.59 | E82: 买 | F82: =ROUNDUP(J81*0.003/(1*D82),-2) -> 5400 | H82: =ROUNDUP(F82*C82,0) -> 98010 | I82: =H82 -> 98010
A83: 162 | B83: 41414 | C83: 18.27 | D83: 0.58 | E83: 买 | F83: =ROUNDUP(J81*0.003/(1*D83),-2) -> 5500 | H83: =ROUNDUP(F83*C83,0) -> 100485 | I83: =H83+I82 -> 198495 | M83: 1
A84: 163 | B84: 41422 | C84: 18.45 | D84: 0.66 | E84: 买 | F84: =ROUNDUP(J81*0.003/(1*D84),-2) -> 4800 | H84: =ROUNDUP(F84*C84,0) -> 88560 | I84: =H84+I83 -> 287055
A85: 164 | B85: 41429 | C85: 19.36 | E85: 卖 | G85: =SUM(F82:F84) -> 15700 | H85: =ROUNDUP(G85*C85,0) -> 303952 | J85: =J81+K85 -> 1067286 | K85: =H85-I84 -> 16897
A86: 165 | B86: 41498 | C86: 23.76 | D86: 1.1 | E86: 买 | F86: =ROUNDUP(J85*0.003/(1*D86),-2) -> 3000 | H86: =ROUNDUP(F86*C86,0) -> 71280 | I86: =H86 -> 71280 | M86: 1
A87: 166 | B87: 41509 | C87: 25.48 | E87: 卖 | G87: =F86 -> 3000 | H87: =ROUNDUP(G87*C87,0) -> 76440 | J87: =J85+K87 -> 1072446 | K87: =H87-I86 -> 5160
A88: 167 | B88: 41526 | C88: 24.86 | D88: 1.13 | E88: 买 | F88: =ROUNDUP(J87*0.003/(1*D88),-2) -> 2900 | H88: =ROUNDUP(F88*C88,0) -> 72094 | I88: =H88 -> 72094 | N88: 1
A89: 168 | B89: 41527 | C89: 25.15 | D89: 1.12 | E89: 买 | F89: =ROUNDUP(J87*0.003/(1*D89),-2) -> 2900 | H89: =ROUNDUP(F89*C89,0) -> 72935 | I89: =H89+I88 -> 145029
A90: 169 | B90: 41529 | C90: 25 | D90: 1.08 | E90: 买 | F90: =ROUNDUP(J87*0.003/(1*D90),-2) -> 3000 | H90: =ROUNDUP(F90*C90,0) -> 75000 | I90: =H90+I89 -> 220029
A91: 170 | B91: 41534 | C91: 24.3 | E91: 卖 | G91: =SUM(F88:F90) -> 8800 | H91: =ROUNDUP(G91*C91,0) -> 213840 | J91: =J87+L91 -> 1066257 | L91: =H91-I90 -> -6189
A92: 171 | B92: 41606 | C92: 29.39 | D92: 1.18 | E92: 买 | F92: =ROUNDUP(J91*0.003/(1*D92),-2) -> 2800 | H92: =ROUNDUP(F92*C92,0) -> 82292 | I92: =H92 -> 82292 | N92: 1
A93: 172 | B93: 41612 | C93: 28.02 | D93: 1.13 | E93: 买 | F93: =ROUNDUP(J91*0.003/(1*D93),-2) -> 2900 | H93: =ROUNDUP(F93*C93,0) -> 81258 | I93: =H93+I92 -> 163550
A94: 173 | B94: 41624 | C94: 26.1 | E94: 卖 | G94: =SUM(F92:F93) -> 5700 | H94: =ROUNDUP(G94*C94,0) -> 148770 | J94: =J91+L94 -> 1051477 | L94: =H94-I93 -> -14780
A95: 174 | B95: 41680 | C95: 25.1 | D95: 1.08 | E95: 买 | F95: =ROUNDUP(J94*0.003/(1*D95),-2) -> 3000 | H95: =ROUNDUP(F95*C95,0) -> 75300 | I95: =H95 -> 75300 | N95: 1
A96: 175 | B96: 41681 | C96: 25.04 | D96: 1.08 | E96: 买 | F96: =ROUNDUP(J94*0.003/(1*D96),-2) -> 3000 | H96: =ROUNDUP(F96*C96,0) -> 75120 | I96: =H96+I95 -> 150420
A97: 176 | B97: 41687 | C97: 26.09 | D97: 1.06 | E97: 买 | F97: =ROUNDUP(J94*0.003/(1*D97),-2) -> 3000 | H97: =ROUNDUP(F97*C97,0) -> 78270 | I97: =H97+I96 -> 228690
A98: 177 | B98: 41694 | C98: 23.34 | E98: 卖 | G98: =SUM(F95:F97) -> 9000 | H98: =ROUNDUP(G98*C98,0) -> 210060 | J98: =J94+L98 -> 1032847 | L98: =H98-I97 -> -18630
A99: 178 | B99: 41737 | C99: 24.18 | D99: 0.97 | E99: 买 | F99: =ROUNDUP(J98*0.003/(1*D99),-2) -> 3200 | H99: =ROUNDUP(F99*C99,0) -> 77376 | I99: =H99 -> 77376 | N99: 1
A100: 179 | B100: 41739 | C100: 24.02 | D100: 0.98 | E100: 买 | F100: =ROUNDUP(J98*0.003/(1*D100),-2) -> 3200 | H100: =ROUNDUP(F100*C100,0) -> 76864 | I100: =H100+I99 -> 154240
...
